Workbook
Name du: '[1]Modelagem Cubic Spline'!$D$5:$D$43
Name taxa: '[1]Modelagem Cubic Spline'!$C$5:$C$43

Sheet Feriados
A1: 36892
A2: 36948
A3: 36949
A4: 36994
A5: 37002
A6: 37012
A7: 37056
A8: 37141
A9: 37176
A10: 37197
A11: 37210
A12: 37250
... A936: 65374

Sheet Resumo estatístico Futuro DI
A1: Data | B1: =DATEVALUE(+E1) -> 44896 | C1: Data Base | E1: =RIGHT(A14,11) -> 01/12/2022 | G1: Atalho Resumo Estatístico | J1: Site da B3: Home / Market Data e Índices / Serviços de dados / Market Data / Histórico / Derivativos / Resumo estatístico / Sistema pregão | S1: Código | T1: Vencimento | U1: Mês
G2: http://www.b3.com.br/pt_br/market-data-e-indices/servicos-de-dados/market-data/historico/derivativos/resumo-estatistico/sistema-pregao/ | S2: F | T2: JAN | U2: 01
A3: CDI Over | B3: 0.1365 | G3: Mercadoria: DI 1 DIA | S3: G | T3: FEV | U3: 02
B4: ­ Preencha com a Média do CDI do dia da Data Base | S4: H | T4: MAR | U4: 03
B5: http://www.b3.com.br/pt_br/market-data-e-indices/indices/indices-de-segmentos-e-setoriais/serie-historica-do-di.htm | S5: J | T5: ABR | U5: 04
S6: K | T6: MAI | U6: 05
S7: M | T7: JUN | U7: 06
S8: N | T8: JUL | U8: 07
F9: =+SUM(F19:F57) -> 254060116786 | S9: Q | T9: AGO | U9: 08
A10: $ Cole em A11 (use opção de colagem: Fazer correspondência com a Formatação de Destino (F)) | S10: U | T10: SET | U10: 09
A11: DI DE 1 DIA (contrato = R$100.000,00; cotação = taxa de juro) | S11: V | T11: OUT | U11: 10
S12: X | T12: NOV | U12: 11
S13: Z | T13: DEZ | U13: 12
A14: Atualizado em: 01/12/2022
A16: MERCADO FUTURO
A17: Dados | B17: Volume | G17: Dados
A18: VENCTO | B18: CONTR. ABERT.(1) | C18: CONTR. FECH.(2) | D18: NÚM. NEGOC. | E18: CONTR. NEGOC. | F18: VOL. | G18: AJUSTE ANTER. (3) | H18: AJUSTE ANTER. CORRIG. (4) | I18: PREÇO ABERT. | J18: PREÇO MÍN. | K18: PREÇO MÁX. | L18: PREÇO MÉD. | M18: ÚLT. PREÇO | N18: AJUSTE | O18: VAR. PTOS. | P18: ÚLT. OF. COMPRA | Q18: ÚLT. OF. VENDA | R18: Vencimento | S18: DU | T18: Taxa de Ajuste
A19: Z22 | B19: 889733 | C19: 889733 | D19: 0 | E19: 0 | F19: 0 | G19: 99999.99 | H19: 99999.99 | I19: 0 | J19: 0 | K19: 0 | L19: 0 | M19: 0 | N19: 100000 | O19: 0,01+ | P19: 0 | Q19: 0 | R19: =IF(OR(A19="",LEN(A19)<>3),"",WORKDAY(WORKDAY(DATEVALUE("01/"&VLOOKUP(LEFT(A19,1),$S$1:$U$13,3,FALSE)&"/"&20&RIGHT(A19,2)),-1,Feriados!$A$2:$A$2000),1,Feriados!$A$2:$A$2000)) -> 44896 | S19: =IF(OR(R19="",R19="Cadastrar ativo na aba Banco de Códigos B3"),"",NETWORKDAYS($B$1,R19-1,Feriados!$A$2:$A$2000)) -> -2 | T19: =IF(OR(R19="",R19="Cadastrar ativo na aba Banco de Códigos B3"),"",+ROUND(((100000/N19)^(252/S19)-1)*100,2)) -> 0
A20: F23 | B20: 6050665 | C20: 6170625 | D20: 874 | E20: 615893 | F20: 60904014668 | G20: 98886.77 | H20: 98886.77 | I20: 13.682 | J20: 13.672 | K20: 13.684 | L20: 13.674 | M20: 13.672 | N20: 98887.49 | O20: 0,72+ | P20: 13.672 | Q20: 13.674 | R20: =IF(OR(A20="",LEN(A20)<>3),"",WORKDAY(WORKDAY(DATEVALUE("01/"&VLOOKUP(LEFT(A20,1),$S$1:$U$13,3,FALSE)&"/"&20&RIGHT(A20,2)),-1,Feriados!$A$2:$A$2000),1,Feriados!$A$2:$A$2000)) -> 44928 | S20: =IF(OR(R20="",R20="Cadastrar ativo na aba Banco de Códigos B3"),"",NETWORKDAYS($B$1,R20-1,Feriados!$A$2:$A$2000)) -> 22 | T20: =IF(OR(R20="",R20="Cadastrar ativo na aba Banco de Códigos B3"),"",+ROUND(((100000/N20)^(252/S20)-1)*100,2)) -> 13.67
A21: G23 | B21: 333778 | C21: 339153 | D21: 18 | E21: 7840 | F21: 766619294 | G21: 97782.67 | H21: 97782.67 | I21: 13.708 | J21: 13.686 | K21: 13.708 | L21: 13.7 | M21: 13.688 | N21: 97784.06 | O21: 1,39+ | P21: 13.692 | Q21: 13.7 | R21: =IF(OR(A21="",LEN(A21)<>3),"",WORKDAY(WORKDAY(DATEVALUE("01/"&VLOOKUP(LEFT(A21,1),$S$1:$U$13,3,FALSE)&"/"&20&RIGHT(A21,2)),-1,Feriados!$A$2:$A$2000),1,Feriados!$A$2:$A$2000)) -> 44958 | S21: =IF(OR(R21="",R21="Cadastrar ativo na aba Banco de Códigos B3"),"",NETWORKDAYS($B$1,R21-1,Feriados!$A$2:$A$2000)) -> 44 | T21: =IF(OR(R21="",R21="Cadastrar ativo na aba Banco de Códigos B3"),"",+ROUND(((100000/N21)^(252/S21)-1)*100,2)) -> 13.69
A22: H23 | B22: 250094 | C22: 252964 | D22: 11 | E22: 5940 | F22: 575510350 | G22: 96884.99 | H22: 96884.99 | I22: 13.71 | J22: 13.71 | K22: 13.748 | L22: 13.715 | M22: 13.748 | N22: 96888.39 | O22: 3,40+ | P22: 13.734 | Q22: 13.746 | R22: =IF(OR(A22="",LEN(A22)<>3),"",WORKDAY(WORKDAY(DATEVALUE("01/"&VLOOKUP(LEFT(A22,1),$S$1:$U$13,3,FALSE)&"/"&20&RIGHT(A22,2)),-1,Feriados!$A$2:$A$2000),1,Feriados!$A$2:$A$2000)) -> 44986 | S22: =IF(OR(R22="",R22="Cadastrar ativo na aba Banco de Códigos B3"),"",NETWORKDAYS($B$1,R22-1,Feriados!$A$2:$A$2000)) -> 62 | T22: =IF(OR(R22="",R22="Cadastrar ativo na aba Banco de Códigos B3"),"",+ROUND(((100000/N22)^(252/S22)-1)*100,2)) -> 13.71
A23: J23 | B23: 1807475 | C23: 1792404 | D23: 1475 | E23: 87907 | F23: 8416060541 | G23: 95742.86 | H23: 95742.86 | I23: 13.78 | J23: 13.77 | K23: 13.79 | L23: 13.782 | M23: 13.78 | N23: 95739 | O23: 3,86- | P23: 13.78 | Q23: 13.785 | R23: =IF(OR(A23="",LEN(A23)<>3),"",WORKDAY(WORKDAY(DATEVALUE("01/"&VLOOKUP(LEFT(A23,1),$S$1:$U$13,3,FALSE)&"/"&20&RIGHT(A23,2)),-1,Feriados!$A$2:$A$2000),1,Feriados!$A$2:$A$2000)) -> 45019 | S23: =IF(OR(R23="",R23="Cadastrar ativo na aba Banco de Códigos B3"),"",NETWORKDAYS($B$1,R23-1,Feriados!$A$2:$A$2000)) -> 85 | T23: =IF(OR(R23="",R23="Cadastrar ativo na aba Banco de Códigos B3"),"",+ROUND(((100000/N23)^(252/S23)-1)*100,2)) -> 13.78
A24: K23 | B24: 130825 | C24: 139710 | D24: 11 | E24: 8980 | F24: 851597576 | G24: 94846.03 | H24: 94846.03 | I24: 13.865 | J24: 13.85 | K24: 13.87 | L24: 13.86 | M24: 13.87 | N24: 94839.79 | O24: 6,24- | P24: 13.835 | Q24: 13.865 | R24: =IF(OR(A24="",LEN(A24)<>3),"",WORKDAY(WORKDAY(DATEVALUE("01/"&VLOOKUP(LEFT(A24,1),$S$1:$U$13,3,FALSE)&"/"&20&RIGHT(A24,2)),-1,Feriados!$A$2:$A$2000),1,Feriados!$A$2:$A$2000)) -> 45048 | S24: =IF(OR(R24="",R24="Cadastrar ativo na aba Banco de Códigos B3"),"",NETWORKDAYS($B$1,R24-1,Feriados!$A$2:$A$2000)) -> 103 | T24: =IF(OR(R24="",R24="Cadastrar ativo na aba Banco de Códigos B3"),"",+ROUND(((100000/N24)^(252/S24)-1)*100,2)) -> 13.84
A25: M23 | B25: 76026 | C25: 76046 | D25: 2 | E25: 20 | F25: 1874839 | G25: 93755.49 | H25: 93755.49 | I25: 13.915 | J25: 13.915 | K25: 13.915 | L25: 13.915 | M25: 13.915 | N25: 93746.05 | O25: 9,44- | P25: 13.92 | Q25: 13.955 | R25: =IF(OR(A25="",LEN(A25)<>3),"",WORKDAY(WORKDAY(DATEVALUE("01/"&VLOOKUP(LEFT(A25,1),$S$1:$U$13,3,FALSE)&"/"&20&RIGHT(A25,2)),-1,Feriados!$A$2:$A$2000),1,Feriados!$A$2:$A$2000)) -> 45078 | S25: =IF(OR(R25="",R25="Cadastrar ativo na aba Banco de Códigos B3"),"",NETWORKDAYS($B$1,R25-1,Feriados!$A$2:$A$2000)) -> 125 | T25: =IF(OR(R25="",R25="Cadastrar ativo na aba Banco de Códigos B3"),"",+ROUND(((100000/N25)^(252/S25)-1)*100,2)) -> 13.91
A26: N23 | B26: 2670663 | C26: 2651049 | D26: 10701 | E26: 318923 | F26: 29562869235 | G26: 92714.63 | H26: 92714.63 | I26: 13.965 | J26: 13.965 | K26: 14.015 | L26: 13.986 | M26: 13.985 | N26: 92701.44 | O26: 13,19- | P26: 13.985 | Q26: 13.99 | R26: =IF(OR(A26="",LEN(A26)<>3),"",WORKDAY(WORKDAY(DATEVALUE("01/"&VLOOKUP(LEFT(A26,1),$S$1:$U$13,3,FALSE)&"/"&20&RIGHT(A26,2)),-1,Feriados!$A$2:$A$2000),1,Feriados!$A$2:$A$2000)) -> 45110 | S26: =IF(OR(R26="",R26="Cadastrar ativo na aba Banco de Códigos B3"),"",NETWORKDAYS($B$1,R26-1,Feriados!$A$2:$A$2000)) -> 146 | T26: =IF(OR(R26="",R26="Cadastrar ativo na aba Banco de Códigos B3"),"",+ROUND(((100000/N26)^(252/S26)-1)*100,2)) -> 13.98
A27: Q23 | B27: 51519 | C27: 53771 | D27: 23 | E27: 2580 | F27: 236543277 | G27: 91692.69 | H27: 91692.69 | I27: 13.995 | J27: 13.975 | K27: 14.02 | L27: 13.999 | M27: 13.975 | N27: 91680.96 | O27: 11,73- | P27: 13.99 | Q27: 14.035 | R27: =IF(OR(A27="",LEN(A27)<>3),"",WORKDAY(WORKDAY(DATEVALUE("01/"&VLOOKUP(LEFT(A27,1),$S$1:$U$13,3,FALSE)&"/"&20&RIGHT(A27,2)),-1,Feriados!$A$2:$A$2000),1,Feriados!$A$2:$A$2000)) -> 45139 | S27: =IF(OR(R27="",R27="Cadastrar ativo na aba Banco de Códigos B3"),"",NETWORKDAYS($B$1,R27-1,Feriados!$A$2:$A$2000)) -> 167 | T27: =IF(OR(R27="",R27="Cadastrar ativo na aba Banco de Códigos B3"),"",+ROUND(((100000/N27)^(252/S27)-1)*100,2)) -> 14
A28: U23 | B28: 54900 | C28: 55996 | D28: 7 | E28: 1116 | F28: 101095375 | G28: 90596.89 | H28: 90596.89 | I28: 14.01 | J28: 14.005 | K28: 14.01 | L28: 14.009 | M28: 14.005 | N28: 90587.2 | O28: 9,69- | P28: 14.005 | Q28: 14.05 | R28: =IF(OR(A28="",LEN(A28)<>3),"",WORKDAY(WORKDAY(DATEVALUE("01/"&VLOOKUP(LEFT(A28,1),$S$1:$U$13,3,FALSE)&"/"&20&RIGHT(A28,2)),-1,Feriados!$A$2:$A$2000),1,Feriados!$A$2:$A$2000)) -> 45170 | S28: =IF(OR(R28="",R28="Cadastrar ativo na aba Banco de Códigos B3"),"",NETWORKDAYS($B$1,R28-1,Feriados!$A$2:$A$2000)) -> 190 | T28: =IF(OR(R28="",R28="Cadastrar ativo na aba Banco de Códigos B3"),"",+ROUND(((100000/N28)^(252/S28)-1)*100,2)) -> 14.01
A29: V23 | B29: 450977 | C29: 450476 | D29: 3063 | E29: 29824 | F29: 2672918529 | G29: 89664.76 | H29: 89664.76 | I29: 14.045 | J29: 14.01 | K29: 14.09 | L29: 14.05 | M29: 14.035 | N29: 89642.88 | O29: 21,88- | P29: 14.03 | Q29: 14.045 | R29: =IF(OR(A29="",LEN(A29)<>3),"",WORKDAY(WORKDAY(DATEVALUE("01/"&VLOOKUP(LEFT(A29,1),$S$1:$U$13,3,FALSE)&"/"&20&RIGHT(A29,2)),-1,Feriados!$A$2:$A$2000),1,Feriados!$A$2:$A$2000)) -> 45201 | S29: =IF(OR(R29="",R29="Cadastrar ativo na aba Banco de Códigos B3"),"",NETWORKDAYS($B$1,R29-1,Feriados!$A$2:$A$2000)) -> 210 | T29: =IF(OR(R29="",R29="Cadastrar ativo na aba Banco de Códigos B3"),"",+ROUND(((100000/N29)^(252/S29)-1)*100,2)) -> 14.02
A30: X23 | B30: 54134 | C30: 51359 | D30: 2 | E30: 2775 | F30: 246063856 | G30: 88706.34 | H30: 88706.34 | I30: 14.015 | J30: 14.015 | K30: 14.015 | L30: 14.015 | M30: 14.015 | N30: 88675.23 | O30: 31,11- | P30: 14.025 | Q30: 14.055 | R30: =IF(OR(A30="",LEN(A30)<>3),"",WORKDAY(WORKDAY(DATEVALUE("01/"&VLOOKUP(LEFT(A30,1),$S$1:$U$13,3,FALSE)&"/"&20&RIGHT(A30,2)),-1,Feriados!$A$2:$A$2000),1,Feriados!$A$2:$A$2000)) -> 45231 | S30: =IF(OR(R30="",R30="Cadastrar ativo na aba Banco de Códigos B3"),"",NETWORKDAYS($B$1,R30-1,Feriados!$A$2:$A$2000)) -> 231 | T30: =IF(OR(R30="",R30="Cadastrar ativo na aba Banco de Códigos B3"),"",+ROUND(((100000/N30)^(252/S30)-1)*100,2)) -> 14.01
... A57: F37 | B57: 810 | C57: 810 | D57: 0 | E57: 0 | F57: 0 | G57: 18880.97 | H57: 18880.97 | I57: 0 | J57: 0 | K57: 0 | L57: 0 | M57: 0 | N57: 18623.07 | O57: 257,90- | P57: 12.4 | Q57: 13.5 | R57: =IF(OR(A57="",LEN(A57)<>3),"",WORKDAY(WORKDAY(DATEVALUE("01/"&VLOOKUP(LEFT(A57,1),$S$1:$U$13,3,FALSE)&"/"&20&RIGHT(A57,2)),-1,Feriados!$A$2:$A$2000),1,Feriados!$A$2:$A$2000)) -> 50042 | S57: =IF(OR(R57="",R57="Cadastrar ativo na aba Banco de Códigos B3"),"",NETWORKDAYS($B$1,R57-1,Feriados!$A$2:$A$2000)) -> 3540 | T57: =IF(OR(R57="",R57="Cadastrar ativo na aba Banco de Códigos B3"),"",+ROUND(((100000/N57)^(252/S57)-1)*100,2)) -> 12.71
R58: =IF(OR(A58="",LEN(A58)<>3),"",WORKDAY(WORKDAY(DATEVALUE("01/"&VLOOKUP(LEFT(A58,1),$S$1:$U$13,3,FALSE)&"/"&20&RIGHT(A58,2)),-1,Feriados!$A$2:$A$2000),1,Feriados!$A$2:$A$2000)) | S58: =IF(OR(R58="",R58="Cadastrar ativo na aba Banco de Códigos B3"),"",NETWORKDAYS($B$1,R58-1,Feriados!$A$2:$A$2000)) | T58: =IF(OR(R58="",R58="Cadastrar ativo na aba Banco de Códigos B3"),"",+ROUND(((100000/N58)^(252/S58)-1)*100,2))
A59: TAXA DI OVER PARA 01/12/2022: 0,0508% | R59: =IF(OR(A59="",LEN(A59)<>3),"",WORKDAY(WORKDAY(DATEVALUE("01/"&VLOOKUP(LEFT(A59,1),$S$1:$U$13,3,FALSE)&"/"&20&RIGHT(A59,2)),-1,Feriados!$A$2:$A$2000),1,Feriados!$A$2:$A$2000)) | S59: =IF(OR(R59="",R59="Cadastrar ativo na aba Banco de Códigos B3"),"",NETWORKDAYS($B$1,R59-1,Feriados!$A$2:$A$2000)) | T59: =IF(OR(R59="",R59="Cadastrar ativo na aba Banco de Códigos B3"),"",+ROUND(((100000/N59)^(252/S59)-1)*100,2))
R60: =IF(OR(A60="",LEN(A60)<>3),"",WORKDAY(WORKDAY(DATEVALUE("01/"&VLOOKUP(LEFT(A60,1),$S$1:$U$13,3,FALSE)&"/"&20&RIGHT(A60,2)),-1,Feriados!$A$2:$A$2000),1,Feriados!$A$2:$A$2000)) | S60: =IF(OR(R60="",R60="Cadastrar ativo na aba Banco de Códigos B3"),"",NETWORKDAYS($B$1,R60-1,Feriados!$A$2:$A$2000)) | T60: =IF(OR(R60="",R60="Cadastrar ativo na aba Banco de Códigos B3"),"",+ROUND(((100000/N60)^(252/S60)-1)*100,2))
A61: A taxa e os preços são apenas prévias, não devendo ser considerados definitivos. | R61: =IF(OR(A61="",LEN(A61)<>3),"",WORKDAY(WORKDAY(DATEVALUE("01/"&VLOOKUP(LEFT(A61,1),$S$1:$U$13,3,FALSE)&"/"&20&RIGHT(A61,2)),-1,Feriados!$A$2:$A$2000),1,Feriados!$A$2:$A$2000)) | S61: =IF(OR(R61="",R61="Cadastrar ativo na aba Banco de Códigos B3"),"",NETWORKDAYS($B$1,R61-1,Feriados!$A$2:$A$2000)) | T61: =IF(OR(R61="",R61="Cadastrar ativo na aba Banco de Códigos B3"),"",+ROUND(((100000/N61)^(252/S61)-1)*100,2))
R62: =IF(OR(A62="",LEN(A62)<>3),"",WORKDAY(WORKDAY(DATEVALUE("01/"&VLOOKUP(LEFT(A62,1),$S$1:$U$13,3,FALSE)&"/"&20&RIGHT(A62,2)),-1,Feriados!$A$2:$A$2000),1,Feriados!$A$2:$A$2000)) | S62: =IF(OR(R62="",R62="Cadastrar ativo na aba Banco de Códigos B3"),"",NETWORKDAYS($B$1,R62-1,Feriados!$A$2:$A$2000)) | T62: =IF(OR(R62="",R62="Cadastrar ativo na aba Banco de Códigos B3"),"",+ROUND(((100000/N62)^(252/S62)-1)*100,2))
A63: (1) Contratos em aberto na abertura do dia | R63: =IF(OR(A63="",LEN(A63)<>3),"",WORKDAY(WORKDAY(DATEVALUE("01/"&VLOOKUP(LEFT(A63,1),$S$1:$U$13,3,FALSE)&"/"&20&RIGHT(A63,2)),-1,Feriados!$A$2:$A$2000),1,Feriados!$A$2:$A$2000)) | S63: =IF(OR(R63="",R63="Cadastrar ativo na aba Banco de Códigos B3"),"",NETWORKDAYS($B$1,R63-1,Feriados!$A$2:$A$2000)) | T63: =IF(OR(R63="",R63="Cadastrar ativo na aba Banco de Códigos B3"),"",+ROUND(((100000/N63)^(252/S63)-1)*100,2))
R64: =IF(OR(A64="",LEN(A64)<>3),"",WORKDAY(WORKDAY(DATEVALUE("01/"&VLOOKUP(LEFT(A64,1),$S$1:$U$13,3,FALSE)&"/"&20&RIGHT(A64,2)),-1,Feriados!$A$2:$A$2000),1,Feriados!$A$2:$A$2000)) | S64: =IF(OR(R64="",R64="Cadastrar ativo na aba Banco de Códigos B3"),"",NETWORKDAYS($B$1,R64-1,Feriados!$A$2:$A$2000)) | T64: =IF(OR(R64="",R64="Cadastrar ativo na aba Banco de Códigos B3"),"",+ROUND(((100000/N64)^(252/S64)-1)*100,2))
A65: (2) Contratos em aberto no fechamento do dia | R65: =IF(OR(A65="",LEN(A65)<>3),"",WORKDAY(WORKDAY(DATEVALUE("01/"&VLOOKUP(LEFT(A65,1),$S$1:$U$13,3,FALSE)&"/"&20&RIGHT(A65,2)),-1,Feriados!$A$2:$A$2000),1,Feriados!$A$2:$A$2000)) | S65: =IF(OR(R65="",R65="Cadastrar ativo na aba Banco de Códigos B3"),"",NETWORKDAYS($B$1,R65-1,Feriados!$A$2:$A$2000)) | T65: =IF(OR(R65="",R65="Cadastrar ativo na aba Banco de Códigos B3"),"",+ROUND(((100000/N65)^(252/S65)-1)*100,2))
R66: =IF(OR(A66="",LEN(A66)<>3),"",WORKDAY(WORKDAY(DATEVALUE("01/"&VLOOKUP(LEFT(A66,1),$S$1:$U$13,3,FALSE)&"/"&20&RIGHT(A66,2)),-1,Feriados!$A$2:$A$2000),1,Feriados!$A$2:$A$2000)) | S66: =IF(OR(R66="",R66="Cadastrar ativo na aba Banco de Códigos B3"),"",NETWORKDAYS($B$1,R66-1,Feriados!$A$2:$A$2000)) | T66: =IF(OR(R66="",R66="Cadastrar ativo na aba Banco de Códigos B3"),"",+ROUND(((100000/N66)^(252/S66)-1)*100,2))
A67: (3) Ajuste do dia anterior | R67: =IF(OR(A67="",LEN(A67)<>3),"",WORKDAY(WORKDAY(DATEVALUE("01/"&VLOOKUP(LEFT(A67,1),$S$1:$U$13,3,FALSE)&"/"&20&RIGHT(A67,2)),-1,Feriados!$A$2:$A$2000),1,Feriados!$A$2:$A$2000)) | S67: =IF(OR(R67="",R67="Cadastrar ativo na aba Banco de Códigos B3"),"",NETWORKDAYS($B$1,R67-1,Feriados!$A$2:$A$2000)) | T67: =IF(OR(R67="",R67="Cadastrar ativo na aba Banco de Códigos B3"),"",+ROUND(((100000/N67)^(252/S67)-1)*100,2))
R68: =IF(OR(A68="",LEN(A68)<>3),"",WORKDAY(WORKDAY(DATEVALUE("01/"&VLOOKUP(LEFT(A68,1),$S$1:$U$13,3,FALSE)&"/"&20&RIGHT(A68,2)),-1,Feriados!$A$2:$A$2000),1,Feriados!$A$2:$A$2000)) | S68: =IF(OR(R68="",R68="Cadastrar ativo na aba Banco de Códigos B3"),"",NETWORKDAYS($B$1,R68-1,Feriados!$A$2:$A$2000)) | T68: =IF(OR(R68="",R68="Cadastrar ativo na aba Banco de Códigos B3"),"",+ROUND(((100000/N68)^(252/S68)-1)*100,2))
A69: (4) Ajuste do dia anterior corrigido | R69: =IF(OR(A69="",LEN(A69)<>3),"",WORKDAY(WORKDAY(DATEVALUE("01/"&VLOOKUP(LEFT(A69,1),$S$1:$U$13,3,FALSE)&"/"&20&RIGHT(A69,2)),-1,Feriados!$A$2:$A$2000),1,Feriados!$A$2:$A$2000)) | S69: =IF(OR(R69="",R69="Cadastrar ativo na aba Banco de Códigos B3"),"",NETWORKDAYS($B$1,R69-1,Feriados!$A$2:$A$2000)) | T69: =IF(OR(R69="",R69="Cadastrar ativo na aba Banco de Códigos B3"),"",+ROUND(((100000/N69)^(252/S69)-1)*100,2))
R70: =IF(OR(A70="",LEN(A70)<>3),"",WORKDAY(WORKDAY(DATEVALUE("01/"&VLOOKUP(LEFT(A70,1),$S$1:$U$13,3,FALSE)&"/"&20&RIGHT(A70,2)),-1,Feriados!$A$2:$A$2000),1,Feriados!$A$2:$A$2000)) | S70: =IF(OR(R70="",R70="Cadastrar ativo na aba Banco de Códigos B3"),"",NETWORKDAYS($B$1,R70-1,Feriados!$A$2:$A$2000)) | T70: =IF(OR(R70="",R70="Cadastrar ativo na aba Banco de Códigos B3"),"",+ROUND(((100000/N70)^(252/S70)-1)*100,2))
R71: =IF(OR(A71="",LEN(A71)<>3),"",WORKDAY(WORKDAY(DATEVALUE("01/"&VLOOKUP(LEFT(A71,1),$S$1:$U$13,3,FALSE)&"/"&20&RIGHT(A71,2)),-1,Feriados!$A$2:$A$2000),1,Feriados!$A$2:$A$2000)) | S71: =IF(OR(R71="",R71="Cadastrar ativo na aba Banco de Códigos B3"),"",NETWORKDAYS($B$1,R71-1,Feriados!$A$2:$A$2000)) | T71: =IF(OR(R71="",R71="Cadastrar ativo na aba Banco de Códigos B3"),"",+ROUND(((100000/N71)^(252/S71)-1)*100,2))
R72: =IF(OR(A72="",LEN(A72)<>3),"",WORKDAY(WORKDAY(DATEVALUE("01/"&VLOOKUP(LEFT(A72,1),$S$1:$U$13,3,FALSE)&"/"&20&RIGHT(A72,2)),-1,Feriados!$A$2:$A$2000),1,Feriados!$A$2:$A$2000)) | S72: =IF(OR(R72="",R72="Cadastrar ativo na aba Banco de Códigos B3"),"",NETWORKDAYS($B$1,R72-1,Feriados!$A$2:$A$2000)) | T72: =IF(OR(R72="",R72="Cadastrar ativo na aba Banco de Códigos B3"),"",+ROUND(((100000/N72)^(252/S72)-1)*100,2))
R73: =IF(OR(A73="",LEN(A73)<>3),"",WORKDAY(WORKDAY(DATEVALUE("01/"&VLOOKUP(LEFT(A73,1),$S$1:$U$13,3,FALSE)&"/"&20&RIGHT(A73,2)),-1,Feriados!$A$2:$A$2000),1,Feriados!$A$2:$A$2000)) | S73: =IF(OR(R73="",R73="Cadastrar ativo na aba Banco de Códigos B3"),"",NETWORKDAYS($B$1,R73-1,Feriados!$A$2:$A$2000)) | T73: =IF(OR(R73="",R73="Cadastrar ativo na aba Banco de Códigos B3"),"",+ROUND(((100000/N73)^(252/S73)-1)*100,2))
R74: =IF(OR(A74="",LEN(A74)<>3),"",WORKDAY(WORKDAY(DATEVALUE("01/"&VLOOKUP(LEFT(A74,1),$S$1:$U$13,3,FALSE)&"/"&20&RIGHT(A74,2)),-1,Feriados!$A$2:$A$2000),1,Feriados!$A$2:$A$2000)) | S74: =IF(OR(R74="",R74="Cadastrar ativo na aba Banco de Códigos B3"),"",NETWORKDAYS($B$1,R74-1,Feriados!$A$2:$A$2000)) | T74: =IF(OR(R74="",R74="Cadastrar ativo na aba Banco de Códigos B3"),"",+ROUND(((100000/N74)^(252/S74)-1)*100,2))
R75: =IF(OR(A75="",LEN(A75)<>3),"",WORKDAY(WORKDAY(DATEVALUE("01/"&VLOOKUP(LEFT(A75,1),$S$1:$U$13,3,FALSE)&"/"&20&RIGHT(A75,2)),-1,Feriados!$A$2:$A$2000),1,Feriados!$A$2:$A$2000)) | S75: =IF(OR(R75="",R75="Cadastrar ativo na aba Banco de Códigos B3"),"",NETWORKDAYS($B$1,R75-1,Feriados!$A$2:$A$2000)) | T75: =IF(OR(R75="",R75="Cadastrar ativo na aba Banco de Códigos B3"),"",+ROUND(((100000/N75)^(252/S75)-1)*100,2))
R76: =IF(OR(A76="",LEN(A76)<>3),"",WORKDAY(WORKDAY(DATEVALUE("01/"&VLOOKUP(LEFT(A76,1),$S$1:$U$13,3,FALSE)&"/"&20&RIGHT(A76,2)),-1,Feriados!$A$2:$A$2000),1,Feriados!$A$2:$A$2000)) | S76: =IF(OR(R76="",R76="Cadastrar ativo na aba Banco de Códigos B3"),"",NETWORKDAYS($B$1,R76-1,Feriados!$A$2:$A$2000)) | T76: =IF(OR(R76="",R76="Cadastrar ativo na aba Banco de Códigos B3"),"",+ROUND(((100000/N76)^(252/S76)-1)*100,2))
R77: =IF(OR(A77="",LEN(A77)<>3),"",WORKDAY(WORKDAY(DATEVALUE("01/"&VLOOKUP(LEFT(A77,1),$S$1:$U$13,3,FALSE)&"/"&20&RIGHT(A77,2)),-1,Feriados!$A$2:$A$2000),1,Feriados!$A$2:$A$2000)) | S77: =IF(OR(R77="",R77="Cadastrar ativo na aba Banco de Códigos B3"),"",NETWORKDAYS($B$1,R77-1,Feriados!$A$2:$A$2000)) | T77: =IF(OR(R77="",R77="Cadastrar ativo na aba Banco de Códigos B3"),"",+ROUND(((100000/N77)^(252/S77)-1)*100,2))
R78: =IF(OR(A78="",LEN(A78)<>3),"",WORKDAY(WORKDAY(DATEVALUE("01/"&VLOOKUP(LEFT(A78,1),$S$1:$U$13,3,FALSE)&"/"&20&RIGHT(A78,2)),-1,Feriados!$A$2:$A$2000),1,Feriados!$A$2:$A$2000)) | S78: =IF(OR(R78="",R78="Cadastrar ativo na aba Banco de Códigos B3"),"",NETWORKDAYS($B$1,R78-1,Feriados!$A$2:$A$2000)) | T78: =IF(OR(R78="",R78="Cadastrar ativo na aba Banco de Códigos B3"),"",+ROUND(((100000/N78)^(252/S78)-1)*100,2))
R79: =IF(OR(A79="",LEN(A79)<>3),"",WORKDAY(WORKDAY(DATEVALUE("01/"&VLOOKUP(LEFT(A79,1),$S$1:$U$13,3,FALSE)&"/"&20&RIGHT(A79,2)),-1,Feriados!$A$2:$A$2000),1,Feriados!$A$2:$A$2000)) | S79: =IF(OR(R79="",R79="Cadastrar ativo na aba Banco de Códigos B3"),"",NETWORKDAYS($B$1,R79-1,Feriados!$A$2:$A$2000)) | T79: =IF(OR(R79="",R79="Cadastrar ativo na aba Banco de Códigos B3"),"",+ROUND(((100000/N79)^(252/S79)-1)*100,2))
R80: =IF(OR(A80="",LEN(A80)<>3),"",WORKDAY(WORKDAY(DATEVALUE("01/"&VLOOKUP(LEFT(A80,1),$S$1:$U$13,3,FALSE)&"/"&20&RIGHT(A80,2)),-1,Feriados!$A$2:$A$2000),1,Feriados!$A$2:$A$2000)) | S80: =IF(OR(R80="",R80="Cadastrar ativo na aba Banco de Códigos B3"),"",NETWORKDAYS($B$1,R80-1,Feriados!$A$2:$A$2000)) | T80: =IF(OR(R80="",R80="Cadastrar ativo na aba Banco de Códigos B3"),"",+ROUND(((100000/N80)^(252/S80)-1)*100,2))
R81: =IF(OR(A81="",LEN(A81)<>3),"",WORKDAY(WORKDAY(DATEVALUE("01/"&VLOOKUP(LEFT(A81,1),$S$1:$U$13,3,FALSE)&"/"&20&RIGHT(A81,2)),-1,Feriados!$A$2:$A$2000),1,Feriados!$A$2:$A$2000)) | S81: =IF(OR(R81="",R81="Cadastrar ativo na aba Banco de Códigos B3"),"",NETWORKDAYS($B$1,R81-1,Feriados!$A$2:$A$2000)) | T81: =IF(OR(R81="",R81="Cadastrar ativo na aba Banco de Códigos B3"),"",+ROUND(((100000/N81)^(252/S81)-1)*100,2))
... R96: =IF(OR(A96="",LEN(A96)<>3),"",WORKDAY(WORKDAY(DATEVALUE("01/"&VLOOKUP(LEFT(A96,1),$S$1:$U$13,3,FALSE)&"/"&20&RIGHT(A96,2)),-1,Feriados!$A$2:$A$2000),1,Feriados!$A$2:$A$2000)) | S96: =IF(OR(R96="",R96="Cadastrar ativo na aba Banco de Códigos B3"),"",NETWORKDAYS($B$1,R96-1,Feriados!$A$2:$A$2000)) | T96: =IF(OR(R96="",R96="Cadastrar ativo na aba Banco de Códigos B3"),"",+ROUND(((100000/N96)^(252/S96)-1)*100,2))

Sheet DI Futuro
A1: DATA: | B1: 44896
A3: VENCTO | B3: CONTR. ABERT.(1) | C3: CONTR. FECH.(2) | D3: NÚM. NEGOC. | E3: CONTR. NEGOC. | F3: VOL. | G3: AJUSTE ANTER. (3) | H3: AJUSTE ANTER. CORRIG. (4) | I3: PREÇO ABERT. | J3: PREÇO MÍN. | K3: PREÇO MÁX. | L3: PREÇO MÉD. | M3: ÚLT. PREÇO | N3: AJUSTE | O3: VAR. PTOS. | P3: ÚLT. OF. COMPRA | Q3: ÚLT. OF. VENDA | R3: Vencimento | S3: DU | T3: Taxa de Ajuste
A4: F23 | B4: 6050665 | C4: 6170625 | D4: 874 | E4: 615893 | F4: 60904014668 | G4: 98886.77 | H4: 98886.77 | I4: 13.682 | J4: 13.672 | K4: 13.684 | L4: 13.674 | M4: 13.672 | N4: 98887.49 | O4: 0,72+ | P4: 13.672 | Q4: 13.674 | R4: 44928 | S4: =NETWORKDAYS($B$1,R4-1,Feriados!$A$2:$A$2000) -> 22 | T4: =ROUND(((100000/N4)^(252/S4)-1)*100,3) -> 13.672
A5: F24 | B5: 4455408 | C5: 4437234 | D5: 48587 | E5: 717935 | F5: 62357275540 | G5: 86925.87 | H5: 86925.87 | I5: 13.91 | J5: 13.91 | K5: 14.065 | L5: 14 | M5: 13.975 | N5: 86873.37 | O5: 52,50- | P5: 13.975 | Q5: 13.98 | R5: 45293 | S5: 271 | T5: =ROUND(((100000/N5)^(252/S5)-1)*100,3) -> 13.98
A6: F25 | B6: 2761159 | C6: 2796502 | D6: 59484 | E6: 489940 | F6: 37879771544 | G6: 77479.91 | H6: 77479.91 | I6: 13.025 | J6: 13.025 | K6: 13.22 | L6: 13.144 | M6: 13.12 | N6: 77335.63 | O6: 144,28- | P6: 13.105 | Q6: 13.115 | R6: 45659 | S6: 525 | T6: =ROUND(((100000/N6)^(252/S6)-1)*100,3) -> 13.13
A8: F23 | B8: 6050665 | C8: 6170625 | D8: 874 | E8: 615893 | F8: 60904014668 | G8: 98836.58 | H8: =+G8*$H$12 -> 98886.769 | I8: 13.682 | J8: 13.672 | K8: 13.684 | L8: 13.674 | M8: 13.672 | N8: =100000/(1+T8/100)^(S8/252) -> 98887.492 | O8: =+N8-H8 -> 0.72246941 | P8: 13.672 | Q8: 13.674 | R8: 44928 | S8: =NETWORKDAYS($B$1,R8-1,Feriados!$A$2:$A$2000) -> 22 | T8: 13.672
A9: F24 | B9: 4455408 | C9: 4437234 | D9: 48587 | E9: 717935 | F9: 62357275540 | G9: 86881.75 | H9: =+G9*$H$12 -> 86925.869 | I9: 13.91 | J9: 13.91 | K9: 14.065 | L9: 14 | M9: 13.975 | N9: =100000/(1+T9/100)^(S9/252) -> 86873.366 | O9: =+N9-H9 -> -52.502888 | P9: 13.975 | Q9: 13.98 | R9: 45293 | S9: 271 | T9: 13.98
A10: F25 | B10: 2761159 | C10: 2796502 | D10: 59484 | E10: 489940 | F10: 37879771544 | G10: 77440.59 | H10: =+G10*$H$12 -> 77479.914 | I10: 13.025 | J10: 13.025 | K10: 13.22 | L10: 13.144 | M10: 13.12 | N10: =100000/(1+T10/100)^(S10/252) -> 77335.627 | O10: =+N10-H10 -> -144.28747 | P10: 13.105 | Q10: 13.115 | R10: 45659 | S10: 525 | T10: 13.13
G12: FC → | H12: =TRUNC((13.65/100+1)^(1/252),7) -> 1.0005078
C16: Comprado em Taxa | F16: ↑
C17: Vendido em PU
C18: Tomado em Juros
C19: Ativo em CDI
C20: Passivo em Pré
C21: Contra o Pré
C23: Vendido em Taxa | F23: ↓
C24: Comprado em PU
C25: Doado em Juros
C26: Ativo em Pré
C27: Passivo em CDI
C28: Prefixado

Sheet Histórico DI Futuro
A1: Data do pregão | B1: Data do vencimento | C1: Cotação do ajuste - dia atual | D1: Cotação do ajuste - dia anterior | E1: Cotação do ajuste - dia anterior corrigido | F1: Valor de ajuste por contrato | G1: du | H1: taxa | I1: CDI d-1 | J1: FC | L1: taxa | M1: CDI d-1
A2: 44866 | B2: 45293 | C2: =+ROUND((100000/(1+H2/100)^(G2/252)),2) -> 86908.49 | G2: =NETWORKDAYS(A2,B2-1,Feriados!$A$2:$A$2000) -> 291 | H2: 12.92 | I2: 13.65 | J2: =TRUNC(+(1+I2/100)^(1/252),7) -> 1.0005078 | L2: 12.92 | M2: 13.65
A3: 44868 | B3: 45293 | C3: =+ROUND((100000/(1+H3/100)^(G3/252)),2) -> 86901.7 | D3: =+C2 -> 86908.49 | E3: =D3*J3 -> 86952.622 | F3: =ROUND(+C3-E3,2) -> -50.92 | G3: =NETWORKDAYS(A3,B3-1,Feriados!$A$2:$A$2000) -> 290 | H3: 12.975 | I3: 13.65 | J3: =TRUNC(+(1+I3/100)^(1/252),7) -> 1.0005078 | L3: 12.975 | M3: 13.65
A4: 44869 | B4: 45293 | C4: =+ROUND((100000/(1+H4/100)^(G4/252)),2) -> 86974.68 | D4: =+C3 -> 86901.7 | E4: =ROUND(D4*J4,2) -> 86945.83 | F4: =ROUND(+C4-E4,2) -> 28.85 | G4: =NETWORKDAYS(A4,B4-1,Feriados!$A$2:$A$2000) -> 289 | H4: 12.94 | I4: 13.65 | J4: =TRUNC(+(1+I4/100)^(1/252),7) -> 1.0005078 | L4: 12.94 | M4: 13.65
A5: 44872 | B5: 45293 | C5: =+ROUND((100000/(1+H5/100)^(G5/252)),2) -> 86933.11 | D5: =+C4 -> 86974.68 | E5: =ROUND(D5*J5,2) -> 87018.85 | F5: =ROUND(+C5-E5,2) -> -85.74 | G5: =NETWORKDAYS(A5,B5-1,Feriados!$A$2:$A$2000) -> 288 | H5: 13.035 | I5: 13.65 | J5: =TRUNC(+(1+I5/100)^(1/252),7) -> 1.0005078 | L5: 13.035 | M5: 13.65
A6: 44873 | B6: 45293 | C6: =+ROUND((100000/(1+H6/100)^(G6/252)),2) -> 86957.86 | D6: =+C5 -> 86933.11 | E6: =ROUND(D6*J6,2) -> 86977.25 | F6: =ROUND(+C6-E6,2) -> -19.39 | G6: =NETWORKDAYS(A6,B6-1,Feriados!$A$2:$A$2000) -> 287 | H6: 13.055 | I6: 13.65 | J6: =TRUNC(+(1+I6/100)^(1/252),7) -> 1.0005078 | L6: 13.055 | M6: 13.65
A7: 44874 | B7: 45293 | C7: =+ROUND((100000/(1+H7/100)^(G7/252)),2) -> 87004.58 | D7: =+C6 -> 86957.86 | E7: =ROUND(D7*J7,2) -> 87002.02 | F7: =ROUND(+C7-E7,2) -> 2.56 | G7: =NETWORKDAYS(A7,B7-1,Feriados!$A$2:$A$2000) -> 286 | H7: 13.05 | I7: 13.65 | J7: =TRUNC(+(1+I7/100)^(1/252),7) -> 1.0005078 | L7: 13.05 | M7: 13.65
A8: 44875 | B8: 45293 | C8: =+ROUND((100000/(1+H8/100)^(G8/252)),2) -> 86544.62 | D8: =+C7 -> 87004.58 | E8: =ROUND(D8*J8,2) -> 87048.76 | F8: =ROUND(+C8-E8,2) -> -504.14 | G8: =NETWORKDAYS(A8,B8-1,Feriados!$A$2:$A$2000) -> 285 | H8: 13.63 | I8: 13.65 | J8: =TRUNC(+(1+I8/100)^(1/252),7) -> 1.0005078 | L8: 13.63 | M8: 13.65
A9: 44876 | B9: 45293 | C9: =+ROUND((100000/(1+H9/100)^(G9/252)),2) -> 86340.14 | D9: =+C8 -> 86544.62 | E9: =ROUND(D9*J9,2) -> 86588.57 | F9: =ROUND(+C9-E9,2) -> -248.43 | G9: =NETWORKDAYS(A9,B9-1,Feriados!$A$2:$A$2000) -> 284 | H9: 13.92 | I9: 13.65 | J9: =TRUNC(+(1+I9/100)^(1/252),7) -> 1.0005078 | L9: 13.92 | M9: 13.65
A10: 44879 | B10: 45293 | C10: =+ROUND((100000/(1+H10/100)^(G10/252)),2) -> 86529.8 | D10: =+C9 -> 86340.14 | E10: =ROUND(D10*J10,2) -> 86383.98 | F10: =ROUND(+C10-E10,2) -> 145.82 | G10: =NETWORKDAYS(A10,B10-1,Feriados!$A$2:$A$2000) -> 283 | H10: 13.75 | I10: 13.65 | J10: =TRUNC(+(1+I10/100)^(1/252),7) -> 1.0005078 | L10: 13.75 | M10: 13.65
A11: 44881 | B11: 45293 | C11: =+ROUND((100000/(1+H11/100)^(G11/252)),2) -> 86293.85 | D11: =+C10 -> 86529.8 | E11: =ROUND(D11*J11,2) -> 86573.74 | F11: =ROUND(+C11-E11,2) -> -279.89 | G11: =NETWORKDAYS(A11,B11-1,Feriados!$A$2:$A$2000) -> 282 | H11: 14.08 | I11: 13.65 | J11: =TRUNC(+(1+I11/100)^(1/252),7) -> 1.0005078 | L11: 14.08 | M11: 13.65
A12: 44882 | B12: 45293 | C12: =+ROUND((100000/(1+H12/100)^(G12/252)),2) -> 86279.93 | D12: =+C11 -> 86293.85 | E12: =ROUND(D12*J12,2) -> 86337.67 | F12: =ROUND(+C12-E12,2) -> -57.74 | G12: =NETWORKDAYS(A12,B12-1,Feriados!$A$2:$A$2000) -> 281 | H12: 14.15 | I12: 13.65 | J12: =TRUNC(+(1+I12/100)^(1/252),7) -> 1.0005078 | L12: 14.15 | M12: 13.65
A13: 44883 | B13: 45293 | C13: =+ROUND((100000/(1+H13/100)^(G13/252)),2) -> 86170.07 | D13: =+C12 -> 86279.93 | E13: =ROUND(D13*J13,2) -> 86323.74 | F13: =ROUND(+C13-E13,2) -> -153.67 | G13: =NETWORKDAYS(A13,B13-1,Feriados!$A$2:$A$2000) -> 280 | H13: 14.335 | I13: 13.65 | J13: =TRUNC(+(1+I13/100)^(1/252),7) -> 1.0005078 | L13: 14.335 | M13: 13.65
A14: 44886 | B14: 45293 | C14: =+ROUND((100000/(1+H14/100)^(G14/252)),2) -> 86278.55 | D14: =+C13 -> 86170.07 | E14: =ROUND(D14*J14,2) -> 86213.83 | F14: =ROUND(+C14-E14,2) -> 64.72 | G14: =NETWORKDAYS(A14,B14-1,Feriados!$A$2:$A$2000) -> 279 | H14: 14.26 | I14: 13.65 | J14: =TRUNC(+(1+I14/100)^(1/252),7) -> 1.0005078 | L14: 14.26 | M14: 13.65
A15: 44887 | B15: 45293 | C15: =+ROUND((100000/(1+H15/100)^(G15/252)),2) -> 86224.3 | D15: =+C14 -> 86278.55 | E15: =ROUND(D15*J15,2) -> 86322.36 | F15: =ROUND(+C15-E15,2) -> -98.06 | G15: =NETWORKDAYS(A15,B15-1,Feriados!$A$2:$A$2000) -> 278 | H15: 14.38 | I15: 13.65 | J15: =TRUNC(+(1+I15/100)^(1/252),7) -> 1.0005078 | L15: 14.38 | M15: 13.65
... A20: 44894 | B20: 45293 | C20: =+ROUND((100000/(1+H20/100)^(G20/252)),2) -> 86795.57 | D20: =+C19 -> 86482.36 | E20: =ROUND(D20*J20,2) -> 86526.28 | F20: =ROUND(+C20-E20,2) -> 269.29 | G20: =NETWORKDAYS(A20,B20-1,Feriados!$A$2:$A$2000) -> 273 | H20: 13.965 | I20: 13.65 | J20: =TRUNC(+(1+I20/100)^(1/252),7) -> 1.0005078 | L20: 13.965 | M20: 13.65
F22: =SUM(F3:F21) -> -903.85 | H22: =+H20-H2 -> 1.045 | I22: =+I20-I2 -> 0
I24: =AVERAGE(I2:I20) -> 13.65

Sheet Projeção DI Futuro
A1: DU | B1: Data | C1: CDI Atual | D1: Alteração | E1: CDI 2 | F1: Índice | J1: F24
A2: 0 | B2: 44896 | C2: =+N11 -> 13.65 | D2: 0 | E2: =+C2+D2 -> 13.65 | F2: 1000 | I2: Venc | J2: =IF(OR(J1="",LEN(J1)<>3),"",WORKDAY(WORKDAY(DATEVALUE("01/"&VLOOKUP(LEFT(J1,1),'Resumo estatístico Futuro DI'!$S$1:$U$13,3,FALSE)&"/"&20&RIGHT(J1,2)),-1,Feriados!$A$2:$A$2000),1,Feriados!$A$2:$A$2000)) -> 45293
A3: =+A2+1 -> 1 | B3: =WORKDAY(B2,1,Feriados!$A$1:$A$936) -> 44897 | C3: =+C2 -> 13.65 | D3: 0 | E3: =+E2+D3 -> 13.65 | F3: =+ROUND(((1+E2/100)^(1/252))*F2,6) -> 1000.5079 | I3: Ret Período | J3: =+((+VLOOKUP(J2,B:F,5,FALSE)/F2)-1)*100 -> 13.932417
A4: =+A3+1 -> 2 | B4: =WORKDAY(B3,1,Feriados!$A$1:$A$936) -> 44900 | C4: =+C3 -> 13.65 | D4: 0 | E4: =+E3+D4 -> 13.65 | F4: =+ROUND(((1+E3/100)^(1/252))*F3,6) -> 1001.016 | I4: DU | J4: =NETWORKDAYS(B2,J2-1,Feriados!$A$1:$A$936) -> 271
A5: =+A4+1 -> 3 | B5: =WORKDAY(B4,1,Feriados!$A$1:$A$936) -> 44901 | C5: =+C4 -> 13.65 | D5: 0 | E5: =+E4+D5 -> 13.65 | F5: =+ROUND(((1+E4/100)^(1/252))*F4,6) -> 1001.5244 | I5: Ret a.a. | J5: =(((J3/100+1)^(252/J4))-1)*100 -> 12.895265
A6: =+A5+1 -> 4 | B6: =WORKDAY(B5,1,Feriados!$A$1:$A$936) -> 44902 | C6: =+C5 -> 13.65 | D6: =VLOOKUP(B6,$I$10:$J$19,2,FALSE)/100 -> 0 | E6: =+E5+D6 -> 13.65 | F6: =+ROUND(((1+E5/100)^(1/252))*F5,6) -> 1002.0331 | I6: Média CDI2 | J6: {=AVERAGE(IF(J2>=B:B,IF(B2<B:B,E:E)))} -> 12.891697
A7: =+A6+1 -> 5 | B7: =WORKDAY(B6,1,Feriados!$A$1:$A$936) -> 44903 | C7: =+C6 -> 13.65 | D7: 0 | E7: =+E6+D7 -> 13.65 | F7: =+ROUND(((1+E6/100)^(1/252))*F6,6) -> 1002.542 | I7: DI FUT | J7: =+VLOOKUP(J1,'Resumo estatístico Futuro DI'!A$18:T$88,20,FALSE) -> 13.98
A8: =+A7+1 -> 6 | B8: =WORKDAY(B7,1,Feriados!$A$1:$A$936) -> 44904 | C8: =+C7 -> 13.65 | D8: 0 | E8: =+E7+D8 -> 13.65 | F8: =+ROUND(((1+E7/100)^(1/252))*F7,6) -> 1003.0512 | I8: Diferença | J8: =+J6-J7 -> -1.0883026
A9: =+A8+1 -> 7 | B9: =WORKDAY(B8,1,Feriados!$A$1:$A$936) -> 44907 | C9: =+C8 -> 13.65 | D9: 0 | E9: =+E8+D9 -> 13.65 | F9: =+ROUND(((1+E8/100)^(1/252))*F8,6) -> 1003.5606
A10: =+A9+1 -> 8 | B10: =WORKDAY(B9,1,Feriados!$A$1:$A$936) -> 44908 | C10: =+C9 -> 13.65 | D10: 0 | E10: =+E9+D10 -> 13.65 | F10: =+ROUND(((1+E9/100)^(1/252))*F9,6) -> 1004.0703 | I10: Reuniões | J10: Alteração | M10: DI | N10: Taxa
A11: =+A10+1 -> 9 | B11: =WORKDAY(B10,1,Feriados!$A$1:$A$936) -> 44909 | C11: =+C10 -> 13.65 | D11: 0 | E11: =+E10+D11 -> 13.65 | F11: =+ROUND(((1+E10/100)^(1/252))*F10,6) -> 1004.5802 | I11: 44902 | J11: 0 | M11: CDI over | N11: =+'Resumo estatístico Futuro DI'!B3*100 -> 13.65
A12: =+A11+1 -> 10 | B12: =WORKDAY(B11,1,Feriados!$A$1:$A$936) -> 44910 | C12: =+C11 -> 13.65 | D12: 0 | E12: =+E11+D12 -> 13.65 | F12: =+ROUND(((1+E11/100)^(1/252))*F11,6) -> 1005.0904 | I12: 44958 | J12: 0 | M12: J23 | N12: =+VLOOKUP(M12,'Resumo estatístico Futuro DI'!A$18:T$88,20,FALSE) -> 13.78
A13: =+A12+1 -> 11 | B13: =WORKDAY(B12,1,Feriados!$A$1:$A$936) -> 44911 | C13: =+C12 -> 13.65 | D13: 0 | E13: =+E12+D13 -> 13.65 | F13: =+ROUND(((1+E12/100)^(1/252))*F12,6) -> 1005.6009 | I13: 45000 | J13: 0 | M13: N23 | N13: =+VLOOKUP(M13,'Resumo estatístico Futuro DI'!A$18:T$88,20,FALSE) -> 13.98
A14: =+A13+1 -> 12 | B14: =WORKDAY(B13,1,Feriados!$A$1:$A$936) -> 44914 | C14: =+C13 -> 13.65 | D14: 0 | E14: =+E13+D14 -> 13.65 | F14: =+ROUND(((1+E13/100)^(1/252))*F13,6) -> 1006.1116 | I14: 45049 | J14: -50 | M14: V23 | N14: =+VLOOKUP(M14,'Resumo estatístico Futuro DI'!A$18:T$88,20,FALSE) -> 14.02
A15: =+A14+1 -> 13 | B15: =WORKDAY(B14,1,Feriados!$A$1:$A$936) -> 44915 | C15: =+C14 -> 13.65 | D15: 0 | E15: =+E14+D15 -> 13.65 | F15: =+ROUND(((1+E14/100)^(1/252))*F14,6) -> 1006.6226 | I15: 45091 | J15: -50 | M15: F24 | N15: =+VLOOKUP(M15,'Resumo estatístico Futuro DI'!A$18:T$88,20,FALSE) -> 13.98
A16: =+A15+1 -> 14 | B16: =WORKDAY(B15,1,Feriados!$A$1:$A$936) -> 44916 | C16: =+C15 -> 13.65 | D16: 0 | E16: =+E15+D16 -> 13.65 | F16: =+ROUND(((1+E15/100)^(1/252))*F15,6) -> 1007.1338 | I16: 45140 | J16: -50
A17: =+A16+1 -> 15 | B17: =WORKDAY(B16,1,Feriados!$A$1:$A$936) -> 44917 | C17: =+C16 -> 13.65 | D17: 0 | E17: =+E16+D17 -> 13.65 | F17: =+ROUND(((1+E16/100)^(1/252))*F16,6) -> 1007.6454 | I17: 45189 | J17: 0
A18: =+A17+1 -> 16 | B18: =WORKDAY(B17,1,Feriados!$A$1:$A$936) -> 44918 | C18: =+C17 -> 13.65 | D18: 0 | E18: =+E17+D18 -> 13.65 | F18: =+ROUND(((1+E17/100)^(1/252))*F17,6) -> 1008.1571 | I18: 45224 | J18: 0
A19: =+A18+1 -> 17 | B19: =WORKDAY(B18,1,Feriados!$A$1:$A$936) -> 44921 | C19: =+C18 -> 13.65 | D19: 0 | E19: =+E18+D19 -> 13.65 | F19: =+ROUND(((1+E18/100)^(1/252))*F18,6) -> 1008.6691 | I19: 45266 | J19: 0
A20: =+A19+1 -> 18 | B20: =WORKDAY(B19,1,Feriados!$A$1:$A$936) -> 44922 | C20: =+C19 -> 13.65 | D20: 0 | E20: =+E19+D20 -> 13.65 | F20: =+ROUND(((1+E19/100)^(1/252))*F19,6) -> 1009.1814
A21: =+A20+1 -> 19 | B21: =WORKDAY(B20,1,Feriados!$A$1:$A$936) -> 44923 | C21: =+C20 -> 13.65 | D21: 0 | E21: =+E20+D21 -> 13.65 | F21: =+ROUND(((1+E20/100)^(1/252))*F20,6) -> 1009.694
A22: =+A21+1 -> 20 | B22: =WORKDAY(B21,1,Feriados!$A$1:$A$936) -> 44924 | C22: =+C21 -> 13.65 | D22: 0 | E22: =+E21+D22 -> 13.65 | F22: =+ROUND(((1+E21/100)^(1/252))*F21,6) -> 1010.2068
A23: =+A22+1 -> 21 | B23: =WORKDAY(B22,1,Feriados!$A$1:$A$936) -> 44925 | C23: =+C22 -> 13.65 | D23: 0 | E23: =+E22+D23 -> 13.65 | F23: =+ROUND(((1+E22/100)^(1/252))*F22,6) -> 1010.7198
A24: =+A23+1 -> 22 | B24: =WORKDAY(B23,1,Feriados!$A$1:$A$936) -> 44928 | C24: =+C23 -> 13.65 | D24: 0 | E24: =+E23+D24 -> 13.65 | F24: =+ROUND(((1+E23/100)^(1/252))*F23,6) -> 1011.2332
A25: =+A24+1 -> 23 | B25: =WORKDAY(B24,1,Feriados!$A$1:$A$936) -> 44929 | C25: =+C24 -> 13.65 | D25: 0 | E25: =+E24+D25 -> 13.65 | F25: =+ROUND(((1+E24/100)^(1/252))*F24,6) -> 1011.7467
A26: =+A25+1 -> 24 | B26: =WORKDAY(B25,1,Feriados!$A$1:$A$936) -> 44930 | C26: =+C25 -> 13.65 | D26: 0 | E26: =+E25+D26 -> 13.65 | F26: =+ROUND(((1+E25/100)^(1/252))*F25,6) -> 1012.2606
A27: =+A26+1 -> 25 | B27: =WORKDAY(B26,1,Feriados!$A$1:$A$936) -> 44931 | C27: =+C26 -> 13.65 | D27: 0 | E27: =+E26+D27 -> 13.65 | F27: =+ROUND(((1+E26/100)^(1/252))*F26,6) -> 1012.7747
A28: =+A27+1 -> 26 | B28: =WORKDAY(B27,1,Feriados!$A$1:$A$936) -> 44932 | C28: =+C27 -> 13.65 | D28: 0 | E28: =+E27+D28 -> 13.65 | F28: =+ROUND(((1+E27/100)^(1/252))*F27,6) -> 1013.2891
A29: =+A28+1 -> 27 | B29: =WORKDAY(B28,1,Feriados!$A$1:$A$936) -> 44935 | C29: =+C28 -> 13.65 | D29: 0 | E29: =+E28+D29 -> 13.65 | F29: =+ROUND(((1+E28/100)^(1/252))*F28,6) -> 1013.8037
A30: =+A29+1 -> 28 | B30: =WORKDAY(B29,1,Feriados!$A$1:$A$936) -> 44936 | C30: =+C29 -> 13.65 | D30: 0 | E30: =+E29+D30 -> 13.65 | F30: =+ROUND(((1+E29/100)^(1/252))*F29,6) -> 1014.3186
A31: =+A30+1 -> 29 | B31: =WORKDAY(B30,1,Feriados!$A$1:$A$936) -> 44937 | C31: =+C30 -> 13.65 | D31: 0 | E31: =+E30+D31 -> 13.65 | F31: =+ROUND(((1+E30/100)^(1/252))*F30,6) -> 1014.8337
... A45: =+A44+1 -> 43 | B45: =WORKDAY(B44,1,Feriados!$A$1:$A$936) -> 44957 | C45: =+C44 -> 13.65 | D45: 0 | E45: =+E44+D45 -> 13.65 | F45: =+ROUND(((1+E44/100)^(1/252))*F44,6) -> 1022.0734
A46: =+A45+1 -> 44 | B46: =WORKDAY(B45,1,Feriados!$A$1:$A$936) -> 44958 | C46: =+C45 -> 13.65 | D46: =VLOOKUP(B46,$I$10:$J$19,2,FALSE)/100 -> 0 | E46: =+E45+D46 -> 13.65 | F46: =+ROUND(((1+E45/100)^(1/252))*F45,6) -> 1022.5925
A47: =+A46+1 -> 45 | B47: =WORKDAY(B46,1,Feriados!$A$1:$A$936) -> 44959 | C47: =+C46 -> 13.65 | D47: 0 | E47: =+E46+D47 -> 13.65 | F47: =+ROUND(((1+E46/100)^(1/252))*F46,6) -> 1023.1118
A48: =+A47+1 -> 46 | B48: =WORKDAY(B47,1,Feriados!$A$1:$A$936) -> 44960 | C48: =+C47 -> 13.65 | D48: 0 | E48: =+E47+D48 -> 13.65 | F48: =+ROUND(((1+E47/100)^(1/252))*F47,6) -> 1023.6315
A49: =+A48+1 -> 47 | B49: =WORKDAY(B48,1,Feriados!$A$1:$A$936) -> 44963 | C49: =+C48 -> 13.65 | D49: 0 | E49: =+E48+D49 -> 13.65 | F49: =+ROUND(((1+E48/100)^(1/252))*F48,6) -> 1024.1513
A50: =+A49+1 -> 48 | B50: =WORKDAY(B49,1,Feriados!$A$1:$A$936) -> 44964 | C50: =+C49 -> 13.65 | D50: 0 | E50: =+E49+D50 -> 13.65 | F50: =+ROUND(((1+E49/100)^(1/252))*F49,6) -> 1024.6715
A51: =+A50+1 -> 49 | B51: =WORKDAY(B50,1,Feriados!$A$1:$A$936) -> 44965 | C51: =+C50 -> 13.65 | D51: 0 | E51: =+E50+D51 -> 13.65 | F51: =+ROUND(((1+E50/100)^(1/252))*F50,6) -> 1025.1919
A52: =+A51+1 -> 50 | B52: =WORKDAY(B51,1,Feriados!$A$1:$A$936) -> 44966 | C52: =+C51 -> 13.65 | D52: 0 | E52: =+E51+D52 -> 13.65 | F52: =+ROUND(((1+E51/100)^(1/252))*F51,6) -> 1025.7126
A53: =+A52+1 -> 51 | B53: =WORKDAY(B52,1,Feriados!$A$1:$A$936) -> 44967 | C53: =+C52 -> 13.65 | D53: 0 | E53: =+E52+D53 -> 13.65 | F53: =+ROUND(((1+E52/100)^(1/252))*F52,6) -> 1026.2335
A54: =+A53+1 -> 52 | B54: =WORKDAY(B53,1,Feriados!$A$1:$A$936) -> 44970 | C54: =+C53 -> 13.65 | D54: 0 | E54: =+E53+D54 -> 13.65 | F54: =+ROUND(((1+E53/100)^(1/252))*F53,6) -> 1026.7547
A55: =+A54+1 -> 53 | B55: =WORKDAY(B54,1,Feriados!$A$1:$A$936) -> 44971 | C55: =+C54 -> 13.65 | D55: 0 | E55: =+E54+D55 -> 13.65 | F55: =+ROUND(((1+E54/100)^(1/252))*F54,6) -> 1027.2762
A56: =+A55+1 -> 54 | B56: =WORKDAY(B55,1,Feriados!$A$1:$A$936) -> 44972 | C56: =+C55 -> 13.65 | D56: 0 | E56: =+E55+D56 -> 13.65 | F56: =+ROUND(((1+E55/100)^(1/252))*F55,6) -> 1027.7979
A57: =+A56+1 -> 55 | B57: =WORKDAY(B56,1,Feriados!$A$1:$A$936) -> 44973 | C57: =+C56 -> 13.65 | D57: 0 | E57: =+E56+D57 -> 13.65 | F57: =+ROUND(((1+E56/100)^(1/252))*F56,6) -> 1028.3199
A58: =+A57+1 -> 56 | B58: =WORKDAY(B57,1,Feriados!$A$1:$A$936) -> 44974 | C58: =+C57 -> 13.65 | D58: 0 | E58: =+E57+D58 -> 13.65 | F58: =+ROUND(((1+E57/100)^(1/252))*F57,6) -> 1028.8422
... A73: =+A72+1 -> 71 | B73: =WORKDAY(B72,1,Feriados!$A$1:$A$936) -> 44999 | C73: =+C72 -> 13.65 | D73: 0 | E73: =+E72+D73 -> 13.65 | F73: =+ROUND(((1+E72/100)^(1/252))*F72,6) -> 1036.708
A74: =+A73+1 -> 72 | B74: =WORKDAY(B73,1,Feriados!$A$1:$A$936) -> 45000 | C74: =+C73 -> 13.65 | D74: =VLOOKUP(B74,$I$10:$J$19,2,FALSE)/100 -> 0 | E74: =+E73+D74 -> 13.65 | F74: =+ROUND(((1+E73/100)^(1/252))*F73,6) -> 1037.2346
A75: =+A74+1 -> 73 | B75: =WORKDAY(B74,1,Feriados!$A$1:$A$936) -> 45001 | C75: =+C74 -> 13.65 | D75: 0 | E75: =+E74+D75 -> 13.65 | F75: =+ROUND(((1+E74/100)^(1/252))*F74,6) -> 1037.7614
A76: =+A75+1 -> 74 | B76: =WORKDAY(B75,1,Feriados!$A$1:$A$936) -> 45002 | C76: =+C75 -> 13.65 | D76: 0 | E76: =+E75+D76 -> 13.65 | F76: =+ROUND(((1+E75/100)^(1/252))*F75,6) -> 1038.2884
A77: =+A76+1 -> 75 | B77: =WORKDAY(B76,1,Feriados!$A$1:$A$936) -> 45005 | C77: =+C76 -> 13.65 | D77: 0 | E77: =+E76+D77 -> 13.65 | F77: =+ROUND(((1+E76/100)^(1/252))*F76,6) -> 1038.8157
A78: =+A77+1 -> 76 | B78: =WORKDAY(B77,1,Feriados!$A$1:$A$936) -> 45006 | C78: =+C77 -> 13.65 | D78: 0 | E78: =+E77+D78 -> 13.65 | F78: =+ROUND(((1+E77/100)^(1/252))*F77,6) -> 1039.3433
A79: =+A78+1 -> 77 | B79: =WORKDAY(B78,1,Feriados!$A$1:$A$936) -> 45007 | C79: =+C78 -> 13.65 | D79: 0 | E79: =+E78+D79 -> 13.65 | F79: =+ROUND(((1+E78/100)^(1/252))*F78,6) -> 1039.8712
A80: =+A79+1 -> 78 | B80: =WORKDAY(B79,1,Feriados!$A$1:$A$936) -> 45008 | C80: =+C79 -> 13.65 | D80: 0 | E80: =+E79+D80 -> 13.65 | F80: =+ROUND(((1+E79/100)^(1/252))*F79,6) -> 1040.3993
A81: =+A80+1 -> 79 | B81: =WORKDAY(B80,1,Feriados!$A$1:$A$936) -> 45009 | C81: =+C80 -> 13.65 | D81: 0 | E81: =+E80+D81 -> 13.65 | F81: =+ROUND(((1+E80/100)^(1/252))*F80,6) -> 1040.9277
A82: =+A81+1 -> 80 | B82: =WORKDAY(B81,1,Feriados!$A$1:$A$936) -> 45012 | C82: =+C81 -> 13.65 | D82: 0 | E82: =+E81+D82 -> 13.65 | F82: =+ROUND(((1+E81/100)^(1/252))*F81,6) -> 1041.4564
A83: =+A82+1 -> 81 | B83: =WORKDAY(B82,1,Feriados!$A$1:$A$936) -> 45013 | C83: =+C82 -> 13.65 | D83: 0 | E83: =+E82+D83 -> 13.65 | F83: =+ROUND(((1+E82/100)^(1/252))*F82,6) -> 1041.9853
A84: =+A83+1 -> 82 | B84: =WORKDAY(B83,1,Feriados!$A$1:$A$936) -> 45014 | C84: =+C83 -> 13.65 | D84: 0 | E84: =+E83+D84 -> 13.65 | F84: =+ROUND(((1+E83/100)^(1/252))*F83,6) -> 1042.5145
A85: =+A84+1 -> 83 | B85: =WORKDAY(B84,1,Feriados!$A$1:$A$936) -> 45015 | C85: =+C84 -> 13.65 | D85: 0 | E85: =+E84+D85 -> 13.65 | F85: =+ROUND(((1+E84/100)^(1/252))*F84,6) -> 1043.044
A86: =+A85+1 -> 84 | B86: =WORKDAY(B85,1,Feriados!$A$1:$A$936) -> 45016 | C86: =+C85 -> 13.65 | D86: 0 | E86: =+E85+D86 -> 13.65 | F86: =+ROUND(((1+E85/100)^(1/252))*F85,6) -> 1043.5738
... A105: =+A104+1 -> 103 | B105: =WORKDAY(B104,1,Feriados!$A$1:$A$936) -> 45048 | C105: =+C104 -> 13.65 | D105: 0 | E105: =+E104+D105 -> 13.65 | F105: =+ROUND(((1+E104/100)^(1/252))*F104,6) -> 1053.6901
A106: =+A105+1 -> 104 | B106: =WORKDAY(B105,1,Feriados!$A$1:$A$936) -> 45049 | C106: =+C105 -> 13.65 | D106: =VLOOKUP(B106,$I$10:$J$19,2,FALSE)/100 -> -0.5 | E106: =+E105+D106 -> 13.15 | F106: =+ROUND(((1+E105/100)^(1/252))*F105,6) -> 1054.2253
A107: =+A106+1 -> 105 | B107: =WORKDAY(B106,1,Feriados!$A$1:$A$936) -> 45050 | C107: =+C106 -> 13.65 | D107: 0 | E107: =+E106+D107 -> 13.15 | F107: =+ROUND(((1+E106/100)^(1/252))*F106,6) -> 1054.7422
A108: =+A107+1 -> 106 | B108: =WORKDAY(B107,1,Feriados!$A$1:$A$936) -> 45051 | C108: =+C107 -> 13.65 | D108: 0 | E108: =+E107+D108 -> 13.15 | F108: =+ROUND(((1+E107/100)^(1/252))*F107,6) -> 1055.2595
A109: =+A108+1 -> 107 | B109: =WORKDAY(B108,1,Feriados!$A$1:$A$936) -> 45054 | C109: =+C108 -> 13.65 | D109: 0 | E109: =+E108+D109 -> 13.15 | F109: =+ROUND(((1+E108/100)^(1/252))*F108,6) -> 1055.7769
A110: =+A109+1 -> 108 | B110: =WORKDAY(B109,1,Feriados!$A$1:$A$936) -> 45055 | C110: =+C109 -> 13.65 | D110: 0 | E110: =+E109+D110 -> 13.15 | F110: =+ROUND(((1+E109/100)^(1/252))*F109,6) -> 1056.2947
A111: =+A110+1 -> 109 | B111: =WORKDAY(B110,1,Feriados!$A$1:$A$936) -> 45056 | C111: =+C110 -> 13.65 | D111: 0 | E111: =+E110+D111 -> 13.15 | F111: =+ROUND(((1+E110/100)^(1/252))*F110,6) -> 1056.8126
A112: =+A111+1 -> 110 | B112: =WORKDAY(B111,1,Feriados!$A$1:$A$936) -> 45057 | C112: =+C111 -> 13.65 | D112: 0 | E112: =+E111+D112 -> 13.15 | F112: =+ROUND(((1+E111/100)^(1/252))*F111,6) -> 1057.3309
A113: =+A112+1 -> 111 | B113: =WORKDAY(B112,1,Feriados!$A$1:$A$936) -> 45058 | C113: =+C112 -> 13.65 | D113: 0 | E113: =+E112+D113 -> 13.15 | F113: =+ROUND(((1+E112/100)^(1/252))*F112,6) -> 1057.8494
A114: =+A113+1 -> 112 | B114: =WORKDAY(B113,1,Feriados!$A$1:$A$936) -> 45061 | C114: =+C113 -> 13.65 | D114: 0 | E114: =+E113+D114 -> 13.15 | F114: =+ROUND(((1+E113/100)^(1/252))*F113,6) -> 1058.3681
A115: =+A114+1 -> 113 | B115: =WORKDAY(B114,1,Feriados!$A$1:$A$936) -> 45062 | C115: =+C114 -> 13.65 | D115: 0 | E115: =+E114+D115 -> 13.15 | F115: =+ROUND(((1+E114/100)^(1/252))*F114,6) -> 1058.8871
A116: =+A115+1 -> 114 | B116: =WORKDAY(B115,1,Feriados!$A$1:$A$936) -> 45063 | C116: =+C115 -> 13.65 | D116: 0 | E116: =+E115+D116 -> 13.15 | F116: =+ROUND(((1+E115/100)^(1/252))*F115,6) -> 1059.4063
A117: =+A116+1 -> 115 | B117: =WORKDAY(B116,1,Feriados!$A$1:$A$936) -> 45064 | C117: =+C116 -> 13.65 | D117: 0 | E117: =+E116+D117 -> 13.15 | F117: =+ROUND(((1+E116/100)^(1/252))*F116,6) -> 1059.9259
A118: =+A117+1 -> 116 | B118: =WORKDAY(B117,1,Feriados!$A$1:$A$936) -> 45065 | C118: =+C117 -> 13.65 | D118: 0 | E118: =+E117+D118 -> 13.15 | F118: =+ROUND(((1+E117/100)^(1/252))*F117,6) -> 1060.4456
... A134: =+A133+1 -> 132 | B134: =WORKDAY(B133,1,Feriados!$A$1:$A$936) -> 45090 | C134: =+C133 -> 13.65 | D134: 0 | E134: =+E133+D134 -> 13.15 | F134: =+ROUND(((1+E133/100)^(1/252))*F133,6) -> 1068.7965
A135: =+A134+1 -> 133 | B135: =WORKDAY(B134,1,Feriados!$A$1:$A$936) -> 45091 | C135: =+C134 -> 13.65 | D135: =VLOOKUP(B135,$I$10:$J$19,2,FALSE)/100 -> -0.5 | E135: =+E134+D135 -> 12.65 | F135: =+ROUND(((1+E134/100)^(1/252))*F134,6) -> 1069.3206
A136: =+A135+1 -> 134 | B136: =WORKDAY(B135,1,Feriados!$A$1:$A$936) -> 45092 | C136: =+C135 -> 13.65 | D136: 0 | E136: =+E135+D136 -> 12.65 | F136: =+ROUND(((1+E135/100)^(1/252))*F135,6) -> 1069.8262
A137: =+A136+1 -> 135 | B137: =WORKDAY(B136,1,Feriados!$A$1:$A$936) -> 45093 | C137: =+C136 -> 13.65 | D137: 0 | E137: =+E136+D137 -> 12.65 | F137: =+ROUND(((1+E136/100)^(1/252))*F136,6) -> 1070.332
A138: =+A137+1 -> 136 | B138: =WORKDAY(B137,1,Feriados!$A$1:$A$936) -> 45096 | C138: =+C137 -> 13.65 | D138: 0 | E138: =+E137+D138 -> 12.65 | F138: =+ROUND(((1+E137/100)^(1/252))*F137,6) -> 1070.8381
A139: =+A138+1 -> 137 | B139: =WORKDAY(B138,1,Feriados!$A$1:$A$936) -> 45097 | C139: =+C138 -> 13.65 | D139: 0 | E139: =+E138+D139 -> 12.65 | F139: =+ROUND(((1+E138/100)^(1/252))*F138,6) -> 1071.3444
A140: =+A139+1 -> 138 | B140: =WORKDAY(B139,1,Feriados!$A$1:$A$936) -> 45098 | C140: =+C139 -> 13.65 | D140: 0 | E140: =+E139+D140 -> 12.65 | F140: =+ROUND(((1+E139/100)^(1/252))*F139,6) -> 1071.8509
A141: =+A140+1 -> 139 | B141: =WORKDAY(B140,1,Feriados!$A$1:$A$936) -> 45099 | C141: =+C140 -> 13.65 | D141: 0 | E141: =+E140+D141 -> 12.65 | F141: =+ROUND(((1+E140/100)^(1/252))*F140,6) -> 1072.3576
A142: =+A141+1 -> 140 | B142: =WORKDAY(B141,1,Feriados!$A$1:$A$936) -> 45100 | C142: =+C141 -> 13.65 | D142: 0 | E142: =+E141+D142 -> 12.65 | F142: =+ROUND(((1+E141/100)^(1/252))*F141,6) -> 1072.8646
A143: =+A142+1 -> 141 | B143: =WORKDAY(B142,1,Feriados!$A$1:$A$936) -> 45103 | C143: =+C142 -> 13.65 | D143: 0 | E143: =+E142+D143 -> 12.65 | F143: =+ROUND(((1+E142/100)^(1/252))*F142,6) -> 1073.3719
A144: =+A143+1 -> 142 | B144: =WORKDAY(B143,1,Feriados!$A$1:$A$936) -> 45104 | C144: =+C143 -> 13.65 | D144: 0 | E144: =+E143+D144 -> 12.65 | F144: =+ROUND(((1+E143/100)^(1/252))*F143,6) -> 1073.8794
A145: =+A144+1 -> 143 | B145: =WORKDAY(B144,1,Feriados!$A$1:$A$936) -> 45105 | C145: =+C144 -> 13.65 | D145: 0 | E145: =+E144+D145 -> 12.65 | F145: =+ROUND(((1+E144/100)^(1/252))*F144,6) -> 1074.3871
A146: =+A145+1 -> 144 | B146: =WORKDAY(B145,1,Feriados!$A$1:$A$936) -> 45106 | C146: =+C145 -> 13.65 | D146: 0 | E146: =+E145+D146 -> 12.65 | F146: =+ROUND(((1+E145/100)^(1/252))*F145,6) -> 1074.895
A147: =+A146+1 -> 145 | B147: =WORKDAY(B146,1,Feriados!$A$1:$A$936) -> 45107 | C147: =+C146 -> 13.65 | D147: 0 | E147: =+E146+D147 -> 12.65 | F147: =+ROUND(((1+E146/100)^(1/252))*F146,6) -> 1075.4032
... A169: =+A168+1 -> 167 | B169: =WORKDAY(B168,1,Feriados!$A$1:$A$936) -> 45139 | C169: =+C168 -> 13.65 | D169: 0 | E169: =+E168+D169 -> 12.65 | F169: =+ROUND(((1+E168/100)^(1/252))*F168,6) -> 1086.6447
A170: =+A169+1 -> 168 | B170: =WORKDAY(B169,1,Feriados!$A$1:$A$936) -> 45140 | C170: =+C169 -> 13.65 | D170: =VLOOKUP(B170,$I$10:$J$19,2,FALSE)/100 -> -0.5 | E170: =+E169+D170 -> 12.15 | F170: =+ROUND(((1+E169/100)^(1/252))*F169,6) -> 1087.1584
A171: =+A170+1 -> 169 | B171: =WORKDAY(B170,1,Feriados!$A$1:$A$936) -> 45141 | C171: =+C170 -> 13.65 | D171: 0 | E171: =+E170+D171 -> 12.15 | F171: =+ROUND(((1+E170/100)^(1/252))*F170,6) -> 1087.6532
A172: =+A171+1 -> 170 | B172: =WORKDAY(B171,1,Feriados!$A$1:$A$936) -> 45142 | C172: =+C171 -> 13.65 | D172: 0 | E172: =+E171+D172 -> 12.15 | F172: =+ROUND(((1+E171/100)^(1/252))*F171,6) -> 1088.1483
A173: =+A172+1 -> 171 | B173: =WORKDAY(B172,1,Feriados!$A$1:$A$936) -> 45145 | C173: =+C172 -> 13.65 | D173: 0 | E173: =+E172+D173 -> 12.15 | F173: =+ROUND(((1+E172/100)^(1/252))*F172,6) -> 1088.6435
A174: =+A173+1 -> 172 | B174: =WORKDAY(B173,1,Feriados!$A$1:$A$936) -> 45146 | C174: =+C173 -> 13.65 | D174: 0 | E174: =+E173+D174 -> 12.15 | F174: =+ROUND(((1+E173/100)^(1/252))*F173,6) -> 1089.139
A175: =+A174+1 -> 173 | B175: =WORKDAY(B174,1,Feriados!$A$1:$A$936) -> 45147 | C175: =+C174 -> 13.65 | D175: 0 | E175: =+E174+D175 -> 12.15 | F175: =+ROUND(((1+E174/100)^(1/252))*F174,6) -> 1089.6347
A176: =+A175+1 -> 174 | B176: =WORKDAY(B175,1,Feriados!$A$1:$A$936) -> 45148 | C176: =+C175 -> 13.65 | D176: 0 | E176: =+E175+D176 -> 12.15 | F176: =+ROUND(((1+E175/100)^(1/252))*F175,6) -> 1090.1306
A177: =+A176+1 -> 175 | B177: =WORKDAY(B176,1,Feriados!$A$1:$A$936) -> 45149 | C177: =+C176 -> 13.65 | D177: 0 | E177: =+E176+D177 -> 12.15 | F177: =+ROUND(((1+E176/100)^(1/252))*F176,6) -> 1090.6268
A178: =+A177+1 -> 176 | B178: =WORKDAY(B177,1,Feriados!$A$1:$A$936) -> 45152 | C178: =+C177 -> 13.65 | D178: 0 | E178: =+E177+D178 -> 12.15 | F178: =+ROUND(((1+E177/100)^(1/252))*F177,6) -> 1091.1232
A179: =+A178+1 -> 177 | B179: =WORKDAY(B178,1,Feriados!$A$1:$A$936) -> 45153 | C179: =+C178 -> 13.65 | D179: 0 | E179: =+E178+D179 -> 12.15 | F179: =+ROUND(((1+E178/100)^(1/252))*F178,6) -> 1091.6198
A180: =+A179+1 -> 178 | B180: =WORKDAY(B179,1,Feriados!$A$1:$A$936) -> 45154 | C180: =+C179 -> 13.65 | D180: 0 | E180: =+E179+D180 -> 12.15 | F180: =+ROUND(((1+E179/100)^(1/252))*F179,6) -> 1092.1166
A181: =+A180+1 -> 179 | B181: =WORKDAY(B180,1,Feriados!$A$1:$A$936) -> 45155 | C181: =+C180 -> 13.65 | D181: 0 | E181: =+E180+D181 -> 12.15 | F181: =+ROUND(((1+E180/100)^(1/252))*F180,6) -> 1092.6136
...

Sheet DI Futuro até o Vencimento
A1: Data do pregão | B1: Data do vencimento | C1: Cotação do ajuste - dia atual | D1: Cotação do ajuste - dia anterior | E1: Cotação do ajuste - dia anterior corrigido | F1: Valor de ajuste por contrato | G1: du | H1: taxa | I1: CDI d-1 | J1: FC | L1: taxa | M1: CDI d-1
A2: 44501 | B2: 44564 | C2: =+ROUND((100000/(1+H2/100)^(G2/252)),2) -> 98636.23 | G2: =NETWORKDAYS(A2,B2-1,Feriados!$A$2:$A$2000) -> 43 | H2: 8.38 | I2: 7.65 | J2: =TRUNC(+(1+I2/100)^(1/252),7) -> 1.0002925 | L2: 8.38 | M2: 7.65
A3: 44503 | B3: 44564 | C3: =+ROUND((100000/(1+H3/100)^(G3/252)),2) -> 98667.73 | D3: =+C2 -> 98636.23 | E3: =D3*J3 -> 98665.081 | F3: =ROUND(+C3-E3,2) -> 2.65 | G3: =NETWORKDAYS(A3,B3-1,Feriados!$A$2:$A$2000) -> 42 | H3: 8.38 | I3: 7.65 | J3: =TRUNC(+(1+I3/100)^(1/252),7) -> 1.0002925 | L3: 8.38 | M3: 7.65
A4: 44504 | B4: 44564 | C4: =+ROUND((100000/(1+H4/100)^(G4/252)),2) -> 98698.06 | D4: =+C3 -> 98667.73 | E4: =ROUND(D4*J4,2) -> 98696.59 | F4: =ROUND(+C4-E4,2) -> 1.47 | G4: =NETWORKDAYS(A4,B4-1,Feriados!$A$2:$A$2000) -> 41 | H4: 8.388 | I4: 7.65 | J4: =TRUNC(+(1+I4/100)^(1/252),7) -> 1.0002925 | L4: 8.388 | M4: 7.65
A5: 44505 | B5: 44564 | C5: =+ROUND((100000/(1+H5/100)^(G5/252)),2) -> 98727.88 | D5: =+C4 -> 98698.06 | E5: =ROUND(D5*J5,2) -> 98726.93 | F5: =ROUND(+C5-E5,2) -> 0.95 | G5: =NETWORKDAYS(A5,B5-1,Feriados!$A$2:$A$2000) -> 40 | H5: 8.4 | I5: 7.65 | J5: =TRUNC(+(1+I5/100)^(1/252),7) -> 1.0002925 | L5: 8.4 | M5: 7.65
A6: 44508 | B6: 44564 | C6: =+ROUND((100000/(1+H6/100)^(G6/252)),2) -> 98754.12 | D6: =+C5 -> 98727.88 | E6: =ROUND(D6*J6,2) -> 98756.76 | F6: =ROUND(+C6-E6,2) -> -2.64 | G6: =NETWORKDAYS(A6,B6-1,Feriados!$A$2:$A$2000) -> 39 | H6: 8.438 | I6: 7.65 | J6: =TRUNC(+(1+I6/100)^(1/252),7) -> 1.0002925 | L6: 8.438 | M6: 7.65
A7: 44509 | B7: 44564 | C7: =+ROUND((100000/(1+H7/100)^(G7/252)),2) -> 98784.23 | D7: =+C6 -> 98754.12 | E7: =ROUND(D7*J7,2) -> 98783.01 | F7: =ROUND(+C7-E7,2) -> 1.22 | G7: =NETWORKDAYS(A7,B7-1,Feriados!$A$2:$A$2000) -> 38 | H7: 8.45 | I7: 7.65 | J7: =TRUNC(+(1+I7/100)^(1/252),7) -> 1.0002925 | L7: 8.45 | M7: 7.65
A8: 44510 | B8: 44564 | C8: =+ROUND((100000/(1+H8/100)^(G8/252)),2) -> 98811.48 | D8: =+C7 -> 98784.23 | E8: =ROUND(D8*J8,2) -> 98813.12 | F8: =ROUND(+C8-E8,2) -> -1.64 | G8: =NETWORKDAYS(A8,B8-1,Feriados!$A$2:$A$2000) -> 37 | H8: 8.484 | I8: 7.65 | J8: =TRUNC(+(1+I8/100)^(1/252),7) -> 1.0002925 | L8: 8.484 | M8: 7.65
A9: 44511 | B9: 44564 | C9: =+ROUND((100000/(1+H9/100)^(G9/252)),2) -> 98847.85 | D9: =+C8 -> 98811.48 | E9: =ROUND(D9*J9,2) -> 98840.38 | F9: =ROUND(+C9-E9,2) -> 7.47 | G9: =NETWORKDAYS(A9,B9-1,Feriados!$A$2:$A$2000) -> 36 | H9: 8.45 | I9: 7.65 | J9: =TRUNC(+(1+I9/100)^(1/252),7) -> 1.0002925 | L9: 8.45 | M9: 7.65
A10: 44512 | B10: 44564 | C10: =+ROUND((100000/(1+H10/100)^(G10/252)),2) -> 98876.88 | D10: =+C9 -> 98847.85 | E10: =ROUND(D10*J10,2) -> 98876.76 | F10: =ROUND(+C10-E10,2) -> 0.12 | G10: =NETWORKDAYS(A10,B10-1,Feriados!$A$2:$A$2000) -> 35 | H10: 8.472 | I10: 7.65 | J10: =TRUNC(+(1+I10/100)^(1/252),7) -> 1.0002925 | L10: 8.472 | M10: 7.65
A11: 44516 | B11: 44564 | C11: =+ROUND((100000/(1+H11/100)^(G11/252)),2) -> 98902.4 | D11: =+C10 -> 98876.88 | E11: =ROUND(D11*J11,2) -> 98905.8 | F11: =ROUND(+C11-E11,2) -> -3.4 | G11: =NETWORKDAYS(A11,B11-1,Feriados!$A$2:$A$2000) -> 34 | H11: 8.524 | I11: 7.65 | J11: =TRUNC(+(1+I11/100)^(1/252),7) -> 1.0002925 | L11: 8.524 | M11: 7.65
A12: 44517 | B12: 44564 | C12: =+ROUND((100000/(1+H12/100)^(G12/252)),2) -> 98933.56 | D12: =+C11 -> 98902.4 | E12: =ROUND(D12*J12,2) -> 98931.33 | F12: =ROUND(+C12-E12,2) -> 2.23 | G12: =NETWORKDAYS(A12,B12-1,Feriados!$A$2:$A$2000) -> 33 | H12: 8.532 | I12: 7.65 | J12: =TRUNC(+(1+I12/100)^(1/252),7) -> 1.0002925 | L12: 8.532 | M12: 7.65
A13: 44518 | B13: 44564 | C13: =+ROUND((100000/(1+H13/100)^(G13/252)),2) -> 98961.31 | D13: =+C12 -> 98933.56 | E13: =ROUND(D13*J13,2) -> 98962.5 | F13: =ROUND(+C13-E13,2) -> -1.19 | G13: =NETWORKDAYS(A13,B13-1,Feriados!$A$2:$A$2000) -> 32 | H13: 8.57 | I13: 7.65 | J13: =TRUNC(+(1+I13/100)^(1/252),7) -> 1.0002925 | L13: 8.57 | M13: 7.65
A14: 44519 | B14: 44564 | C14: =+ROUND((100000/(1+H14/100)^(G14/252)),2) -> 98991.58 | D14: =+C13 -> 98961.31 | E14: =ROUND(D14*J14,2) -> 98990.26 | F14: =ROUND(+C14-E14,2) -> 1.32 | G14: =NETWORKDAYS(A14,B14-1,Feriados!$A$2:$A$2000) -> 31 | H14: 8.588 | I14: 7.65 | J14: =TRUNC(+(1+I14/100)^(1/252),7) -> 1.0002925 | L14: 8.588 | M14: 7.65
A15: 44522 | B15: 44564 | C15: =+ROUND((100000/(1+H15/100)^(G15/252)),2) -> 99017.87 | D15: =+C14 -> 98991.58 | E15: =ROUND(D15*J15,2) -> 99020.54 | F15: =ROUND(+C15-E15,2) -> -2.67 | G15: =NETWORKDAYS(A15,B15-1,Feriados!$A$2:$A$2000) -> 30 | H15: 8.644 | I15: 7.65 | J15: =TRUNC(+(1+I15/100)^(1/252),7) -> 1.0002925 | L15: 8.644 | M15: 7.65
... A44: 44561 | B44: 44564 | C44: =+ROUND((100000/(1+H44/100)^(G44/252)),2) -> 99965.27 | D44: =+C43 -> 99930.54 | E44: =ROUND(D44*J44,2) -> 99965.26 | F44: =ROUND(+C44-E44,2) -> 0.01 | G44: =NETWORKDAYS(A44,B44-1,Feriados!$A$2:$A$2000) -> 1 | H44: 9.148 | I44: 9.15 | J44: =TRUNC(+(1+I44/100)^(1/252),7) -> 1.0003474 | L44: 9.148 | M44: 9.15
A45: 44564 | B45: 44564 | C45: 100000 | D45: =+C44 -> 99965.27 | E45: =ROUND(D45*J45,2) -> 100000 | F45: =ROUND(+C45-E45,2) -> 0 | G45: 0 | H45: 9.15 | I45: 9.15 | J45: =TRUNC(+(1+I45/100)^(1/252),7) -> 1.0003474 | L45: 9.15 | M45: 9.15
F47: =SUM(F3:F46) -> 16.61 | H47: =+H45-H2 -> 0.77 | I47: =+I45-I2 -> 1.5
H49: =+H2 -> 8.38 | I49: =AVERAGE(I3:I45) -> 8.277907 | J49: =+H49-I49 -> 0.10209302

Sheet Comprado X Vendido
A1: Data do pregão | B1: Data do vencimento | C1: Cotação do ajuste - dia atual | D1: Cotação do ajuste - dia anterior | E1: Cotação do ajuste - dia anterior corrigido | F1: Valor de ajuste por contrato | G1: du | H1: taxa | I1: CDI d-1 | J1: FC | K1: 100% CDI | L1: Comprado | M1: Vendido | O1: taxa | P1: CDI d-1
A2: 44866 | B2: 45293 | C2: =+ROUND((100000/(1+H2/100)^(G2/252)),2) -> 86908.49 | G2: =NETWORKDAYS(A2,B2-1,Feriados!$A$2:$A$2000) -> 291 | H2: 12.92 | I2: 13.65 | J2: =TRUNC(+(1+I2/100)^(1/252),7) -> 1.0005078 | K2: =+C2 -> 86908.49 | L2: =+C2 -> 86908.49 | M2: =+C2 -> 86908.49 | O2: 12.92 | P2: 13.65
A3: 44868 | B3: 45293 | C3: =+ROUND((100000/(1+H3/100)^(G3/252)),2) -> 86901.7 | D3: =+C2 -> 86908.49 | E3: =D3*J3 -> 86952.622 | F3: =ROUND(+C3-E3,2) -> -50.92 | G3: =NETWORKDAYS(A3,B3-1,Feriados!$A$2:$A$2000) -> 290 | H3: 12.975 | I3: 13.65 | J3: =TRUNC(+(1+I3/100)^(1/252),7) -> 1.0005078 | K3: =+K2*J2 -> 86952.622 | L3: =+(L2*J2)-F3 -> 87003.542 | M3: =+(M2*J2)+F3 -> 86901.702 | O3: 12.975 | P3: 13.65
A4: 44869 | B4: 45293 | C4: =+ROUND((100000/(1+H4/100)^(G4/252)),2) -> 86974.68 | D4: =+C3 -> 86901.7 | E4: =ROUND(D4*J4,2) -> 86945.83 | F4: =ROUND(+C4-E4,2) -> 28.85 | G4: =NETWORKDAYS(A4,B4-1,Feriados!$A$2:$A$2000) -> 289 | H4: 12.94 | I4: 13.65 | J4: =TRUNC(+(1+I4/100)^(1/252),7) -> 1.0005078 | K4: =+K3*J3 -> 86996.777 | L4: =+(L3*J3)-F4 -> 87018.873 | M4: =+(M3*J3)+F4 -> 86974.681 | O4: 12.94 | P4: 13.65
A5: 44872 | B5: 45293 | C5: =+ROUND((100000/(1+H5/100)^(G5/252)),2) -> 86933.11 | D5: =+C4 -> 86974.68 | E5: =ROUND(D5*J5,2) -> 87018.85 | F5: =ROUND(+C5-E5,2) -> -85.74 | G5: =NETWORKDAYS(A5,B5-1,Feriados!$A$2:$A$2000) -> 288 | H5: 13.035 | I5: 13.65 | J5: =TRUNC(+(1+I5/100)^(1/252),7) -> 1.0005078 | K5: =+K4*J4 -> 87040.954 | L5: =+(L4*J4)-F5 -> 87148.801 | M5: =+(M4*J4)+F5 -> 86933.107 | O5: 13.035 | P5: 13.65
A6: 44873 | B6: 45293 | C6: =+ROUND((100000/(1+H6/100)^(G6/252)),2) -> 86957.86 | D6: =+C5 -> 86933.11 | E6: =ROUND(D6*J6,2) -> 86977.25 | F6: =ROUND(+C6-E6,2) -> -19.39 | G6: =NETWORKDAYS(A6,B6-1,Feriados!$A$2:$A$2000) -> 287 | H6: 13.055 | I6: 13.65 | J6: =TRUNC(+(1+I6/100)^(1/252),7) -> 1.0005078 | K6: =+K5*J5 -> 87085.153 | L6: =+(L5*J5)-F6 -> 87212.445 | M6: =+(M5*J5)+F6 -> 86957.861 | O6: 13.055 | P6: 13.65
A7: 44874 | B7: 45293 | C7: =+ROUND((100000/(1+H7/100)^(G7/252)),2) -> 87004.58 | D7: =+C6 -> 86957.86 | E7: =ROUND(D7*J7,2) -> 87002.02 | F7: =ROUND(+C7-E7,2) -> 2.56 | G7: =NETWORKDAYS(A7,B7-1,Feriados!$A$2:$A$2000) -> 286 | H7: 13.05 | I7: 13.65 | J7: =TRUNC(+(1+I7/100)^(1/252),7) -> 1.0005078 | K7: =+K6*J6 -> 87129.375 | L7: =+(L6*J6)-F7 -> 87254.171 | M7: =+(M6*J6)+F7 -> 87004.578 | O7: 13.05 | P7: 13.65
A8: 44875 | B8: 45293 | C8: =+ROUND((100000/(1+H8/100)^(G8/252)),2) -> 86544.62 | D8: =+C7 -> 87004.58 | E8: =ROUND(D8*J8,2) -> 87048.76 | F8: =ROUND(+C8-E8,2) -> -504.14 | G8: =NETWORKDAYS(A8,B8-1,Feriados!$A$2:$A$2000) -> 285 | H8: 13.63 | I8: 13.65 | J8: =TRUNC(+(1+I8/100)^(1/252),7) -> 1.0005078 | K8: =+K7*J7 -> 87173.619 | L8: =+(L7*J7)-F8 -> 87802.619 | M8: =+(M7*J7)+F8 -> 86544.619 | O8: 13.63 | P8: 13.65
A9: 44876 | B9: 45293 | C9: =+ROUND((100000/(1+H9/100)^(G9/252)),2) -> 86340.14 | D9: =+C8 -> 86544.62 | E9: =ROUND(D9*J9,2) -> 86588.57 | F9: =ROUND(+C9-E9,2) -> -248.43 | G9: =NETWORKDAYS(A9,B9-1,Feriados!$A$2:$A$2000) -> 284 | H9: 13.92 | I9: 13.65 | J9: =TRUNC(+(1+I9/100)^(1/252),7) -> 1.0005078 | K9: =+K8*J8 -> 87217.886 | L9: =+(L8*J8)-F9 -> 88095.635 | M9: =+(M8*J8)+F9 -> 86340.137 | O9: 13.92 | P9: 13.65
A10: 44879 | B10: 45293 | C10: =+ROUND((100000/(1+H10/100)^(G10/252)),2) -> 86529.8 | D10: =+C9 -> 86340.14 | E10: =ROUND(D10*J10,2) -> 86383.98 | F10: =ROUND(+C10-E10,2) -> 145.82 | G10: =NETWORKDAYS(A10,B10-1,Feriados!$A$2:$A$2000) -> 283 | H10: 13.75 | I10: 13.65 | J10: =TRUNC(+(1+I10/100)^(1/252),7) -> 1.0005078 | K10: =+K9*J9 -> 87262.175 | L10: =+(L9*J9)-F10 -> 87994.55 | M10: =+(M9*J9)+F10 -> 86529.8 | O10: 13.75 | P10: 13.65
A11: 44881 | B11: 45293 | C11: =+ROUND((100000/(1+H11/100)^(G11/252)),2) -> 86293.85 | D11: =+C10 -> 86529.8 | E11: =ROUND(D11*J11,2) -> 86573.74 | F11: =ROUND(+C11-E11,2) -> -279.89 | G11: =NETWORKDAYS(A11,B11-1,Feriados!$A$2:$A$2000) -> 282 | H11: 14.08 | I11: 13.65 | J11: =TRUNC(+(1+I11/100)^(1/252),7) -> 1.0005078 | K11: =+K10*J10 -> 87306.487 | L11: =+(L10*J10)-F11 -> 88319.124 | M11: =+(M10*J10)+F11 -> 86293.85 | O11: 14.08 | P11: 13.65
A12: 44882 | B12: 45293 | C12: =+ROUND((100000/(1+H12/100)^(G12/252)),2) -> 86279.93 | D12: =+C11 -> 86293.85 | E12: =ROUND(D12*J12,2) -> 86337.67 | F12: =ROUND(+C12-E12,2) -> -57.74 | G12: =NETWORKDAYS(A12,B12-1,Feriados!$A$2:$A$2000) -> 281 | H12: 14.15 | I12: 13.65 | J12: =TRUNC(+(1+I12/100)^(1/252),7) -> 1.0005078 | K12: =+K11*J11 -> 87350.821 | L12: =+(L11*J11)-F12 -> 88421.712 | M12: =+(M11*J11)+F12 -> 86279.93 | O12: 14.15 | P12: 13.65
A13: 44883 | B13: 45293 | C13: =+ROUND((100000/(1+H13/100)^(G13/252)),2) -> 86170.07 | D13: =+C12 -> 86279.93 | E13: =ROUND(D13*J13,2) -> 86323.74 | F13: =ROUND(+C13-E13,2) -> -153.67 | G13: =NETWORKDAYS(A13,B13-1,Feriados!$A$2:$A$2000) -> 280 | H13: 14.335 | I13: 13.65 | J13: =TRUNC(+(1+I13/100)^(1/252),7) -> 1.0005078 | K13: =+K12*J12 -> 87395.178 | L13: =+(L12*J12)-F13 -> 88620.283 | M13: =+(M12*J12)+F13 -> 86170.073 | O13: 14.335 | P13: 13.65
A14: 44886 | B14: 45293 | C14: =+ROUND((100000/(1+H14/100)^(G14/252)),2) -> 86278.55 | D14: =+C13 -> 86170.07 | E14: =ROUND(D14*J14,2) -> 86213.83 | F14: =ROUND(+C14-E14,2) -> 64.72 | G14: =NETWORKDAYS(A14,B14-1,Feriados!$A$2:$A$2000) -> 279 | H14: 14.26 | I14: 13.65 | J14: =TRUNC(+(1+I14/100)^(1/252),7) -> 1.0005078 | K14: =+K13*J13 -> 87439.557 | L14: =+(L13*J13)-F14 -> 88600.564 | M14: =+(M13*J13)+F14 -> 86278.55 | O14: 14.26 | P14: 13.65
A15: 44887 | B15: 45293 | C15: =+ROUND((100000/(1+H15/100)^(G15/252)),2) -> 86224.3 | D15: =+C14 -> 86278.55 | E15: =ROUND(D15*J15,2) -> 86322.36 | F15: =ROUND(+C15-E15,2) -> -98.06 | G15: =NETWORKDAYS(A15,B15-1,Feriados!$A$2:$A$2000) -> 278 | H15: 14.38 | I15: 13.65 | J15: =TRUNC(+(1+I15/100)^(1/252),7) -> 1.0005078 | K15: =+K14*J14 -> 87483.959 | L15: =+(L14*J14)-F15 -> 88743.616 | M15: =+(M14*J14)+F15 -> 86224.302 | O15: 14.38 | P15: 13.65
... A20: 44894 | B20: 45293 | C20: =+ROUND((100000/(1+H20/100)^(G20/252)),2) -> 86795.57 | D20: =+C19 -> 86482.36 | E20: =ROUND(D20*J20,2) -> 86526.28 | F20: =ROUND(+C20-E20,2) -> 269.29 | G20: =NETWORKDAYS(A20,B20-1,Feriados!$A$2:$A$2000) -> 273 | H20: 13.965 | I20: 13.65 | J20: =TRUNC(+(1+I20/100)^(1/252),7) -> 1.0005078 | K20: =+K19*J19 -> 87706.306 | L20: =+(L19*J19)-F20 -> 88617.034 | M20: =+(M19*J19)+F20 -> 86795.579 | O20: 13.965 | P20: 13.65
F22: =SUM(F3:F21) -> -903.85 | H22: =+H20-H2 -> 1.045 | I22: =+I20-I2 -> 0 | K22: =+K20-K2 -> 797.81644 | L22: =+L20-L2 -> 1708.5443 | M22: =+M20-M2 -> -112.91143
K23: =+K20/K2-1 -> 0.0091799598 | L23: =+L20/L2-1 -> 0.019659119 | M23: =+M20/M2-1 -> -0.0012991991
I24: =AVERAGE(I2:I20) -> 13.65
K25: =+L23-K23 -> 0.010479159 | L25: ← :: → | M25: =+M23-K23 -> -0.010479159

Sheet LTN x DI Fut
A1: Data | B1: Vencimento | C1: DU | D1: Taxa LTN | E1: Dif Taxa | F1: PU LTN | G1: $ | H1: Retorno LTN | I1: Acumul. | J1: Venc DI | K1: Taxa DI | L1: Dif Taxa | M1: PU Ajuste DI | N1: CDI d-1 | O1: Ajustes DI | P1: $ | Q1: Retorno Pré Sintético | R1: Acumul. | S1: Spread | T1: Dif Taxa | U1: PU LTN | V1: LTN Casada / Travada | W1: Retorno | X1: Acumul. | AA1: Taxa LTN | AB1: Taxa DI | AC1: CDI d-1
A2: 44804 | B2: 45292 | C2: =NETWORKDAYS(A2,B2-1,Feriados!$A$2:$A$2000) -> 333 | D2: 13.0491 | F2: =+TRUNC((1000/(1+D2/100)^(C2/252)),6) -> 850.37664 | G2: =ROUND(100*F2,2) -> 85037.66 | I2: 1 | J2: 45293 | K2: 12.985 | M2: =+ROUND((100000/(1+K2/100)^(C2/252)),2) -> 85101.42 | N2: 13.65 | P2: =+M2 -> 85101.42 | R2: 1 | S2: =+D2-K2 -> 0.0641 | U2: =+G2 -> 85037.66 | V2: =+G2 -> 85037.66 | X2: 1 | AA2: 13.0491 | AB2: 12.985 | AC2: 13.65
A3: 44805 | B3: 45292 | C3: =NETWORKDAYS(A3,B3-1,Feriados!$A$2:$A$2000) -> 332 | D3: 12.9435 | E3: =+D3-D2 -> -0.1056 | F3: =+TRUNC((1000/(1+D3/100)^(C3/252)),6) -> 851.83879 | G3: =ROUND(100*F3,2) -> 85183.88 | H3: =+(G3/G2-1)*100 -> 0.17194735 | I3: =+I2*(1+H3/100) -> 1.0017195 | J3: =+J2 -> 45293 | K3: 12.875 | L3: =+K3-K2 -> -0.11 | M3: =+ROUND((100000/(1+K3/100)^(C3/252)),2) -> 85251.99 | N3: 13.65 | O3: =M3-(ROUND(((1+N2/100)^(1/252))*M2,2)) -> 107.35 | P3: =+ROUND(((1+N2/100)^(1/252))*P2,2)+O3 -> 85251.99 | Q3: =+(P3/P2-1)*100 -> 0.17693007 | R3: =+R2*(1+Q3/100) -> 1.0017693 | S3: =+D3-K3 -> 0.0685 | T3: =+S3-S2 -> 0.0044 | U3: =+G3 -> 85183.88 | V3: =+U3-O3 -> 85076.53 | W3: =+(V3/U2-1)*100 -> 0.04570916 | X3: =+X2*(1+W3/100) -> 1.0004571 | AA3: 12.9435 | AB3: 12.875 | AC3: 13.65
A4: 44806 | B4: 45292 | C4: =NETWORKDAYS(A4,B4-1,Feriados!$A$2:$A$2000) -> 331 | D4: 12.9137 | E4: =+D4-D3 -> -0.0298 | F4: =+TRUNC((1000/(1+D4/100)^(C4/252)),6) -> 852.54578 | G4: =ROUND(100*F4,2) -> 85254.58 | H4: =+(G4/G3-1)*100 -> 0.082996924 | I4: =+I3*(1+H4/100) -> 1.0025509 | J4: =+J3 -> 45293 | K4: 12.845 | L4: =+K4-K3 -> -0.03 | M4: =+ROUND((100000/(1+K4/100)^(C4/252)),2) -> 85322.76 | N4: 13.65 | O4: =M4-(ROUND(((1+N3/100)^(1/252))*M3,2)) -> 27.47 | P4: =+ROUND(((1+N3/100)^(1/252))*P3,2)+O4 -> 85322.76 | Q4: =+(P4/P3-1)*100 -> 0.083012725 | R4: =+R3*(1+Q4/100) -> 1.0026009 | S4: =+D4-K4 -> 0.0687 | T4: =+S4-S3 -> 0.0002 | U4: =+G4 -> 85254.58 | V4: =+U4-O4 -> 85227.11 | W4: =+(V4/U3-1)*100 -> 0.050749038 | X4: =+X3*(1+W4/100) -> 1.0009648 | AA4: 12.9137 | AB4: 12.845 | AC4: 13.65
A5: 44809 | B5: 45292 | C5: =NETWORKDAYS(A5,B5-1,Feriados!$A$2:$A$2000) -> 330 | D5: 12.8917 | E5: =+D5-D4 -> -0.022 | F5: =+TRUNC((1000/(1+D5/100)^(C5/252)),6) -> 853.17445 | G5: =ROUND(100*F5,2) -> 85317.44 | H5: =+(G5/G4-1)*100 -> 0.073732109 | I5: =+I4*(1+H5/100) -> 1.0032901 | J5: =+J4 -> 45293 | K5: 12.825 | L5: =+K5-K4 -> -0.02 | M5: =+ROUND((100000/(1+K5/100)^(C5/252)),2) -> 85383.5 | N5: 13.65 | O5: =M5-(ROUND(((1+N4/100)^(1/252))*M4,2)) -> 17.41 | P5: =+ROUND(((1+N4/100)^(1/252))*P4,2)+O5 -> 85383.5 | Q5: =+(P5/P4-1)*100 -> 0.071188508 | R5: =+R4*(1+Q5/100) -> 1.0033146 | S5: =+D5-K5 -> 0.0667 | T5: =+S5-S4 -> -0.002 | U5: =+G5 -> 85317.44 | V5: =+U5-O5 -> 85300.03 | W5: =+(V5/U4-1)*100 -> 0.053310919 | X5: =+X4*(1+W5/100) -> 1.0014984 | AA5: 12.8917 | AB5: 12.825 | AC5: 13.65
A6: 44810 | B6: 45292 | C6: =NETWORKDAYS(A6,B6-1,Feriados!$A$2:$A$2000) -> 329 | D6: 13.1671 | E6: =+D6-D5 -> 0.2754 | F6: =+TRUNC((1000/(1+D6/100)^(C6/252)),6) -> 850.87411 | G6: =ROUND(100*F6,2) -> 85087.41 | H6: =+(G6/G5-1)*100 -> -0.26961662 | I6: =+I5*(1+H6/100) -> 1.000585 | J6: =+J5 -> 45293 | K6: 13.1 | L6: =+K6-K5 -> 0.275 | M6: =+ROUND((100000/(1+K6/100)^(C6/252)),2) -> 85153.32 | N6: 13.65 | O6: =M6-(ROUND(((1+N5/100)^(1/252))*M5,2)) -> -273.54 | P6: =+ROUND(((1+N5/100)^(1/252))*P5,2)+O6 -> 85153.32 | Q6: =+(P6/P5-1)*100 -> -0.2695837 | R6: =+R5*(1+Q6/100) -> 1.0006099 | S6: =+D6-K6 -> 0.0671 | T6: =+S6-S5 -> 0.0004 | U6: =+G6 -> 85087.41 | V6: =+U6-O6 -> 85360.95 | W6: =+(V6/U5-1)*100 -> 0.05099778 | X6: =+X5*(1+W6/100) -> 1.0020092 | AA6: 13.1671 | AB6: 13.1 | AC6: 13.65
A7: 44812 | B7: 45292 | C7: =NETWORKDAYS(A7,B7-1,Feriados!$A$2:$A$2000) -> 328 | D7: 13.0905 | E7: =+D7-D6 -> -0.0766 | F7: =+TRUNC((1000/(1+D7/100)^(C7/252)),6) -> 852.04246 | G7: =ROUND(100*F7,2) -> 85204.25 | H7: =+(G7/G6-1)*100 -> 0.13731761 | I7: =+I6*(1+H7/100) -> 1.001959 | J7: =+J6 -> 45293 | K7: 13.025 | L7: =+K7-K6 -> -0.075 | M7: =+ROUND((100000/(1+K7/100)^(C7/252)),2) -> 85268.52 | N7: 13.65 | O7: =M7-(ROUND(((1+N6/100)^(1/252))*M6,2)) -> 71.95 | P7: =+ROUND(((1+N6/100)^(1/252))*P6,2)+O7 -> 85268.52 | Q7: =+(P7/P6-1)*100 -> 0.13528539 | R7: =+R6*(1+Q7/100) -> 1.0019635 | S7: =+D7-K7 -> 0.0655 | T7: =+S7-S6 -> -0.0016 | U7: =+G7 -> 85204.25 | V7: =+U7-O7 -> 85132.3 | W7: =+(V7/U6-1)*100 -> 0.052757511 | X7: =+X6*(1+W7/100) -> 1.0025378 | AA7: 13.0905 | AB7: 13.025 | AC7: 13.65
A8: 44813 | B8: 45292 | C8: =NETWORKDAYS(A8,B8-1,Feriados!$A$2:$A$2000) -> 327 | D8: 12.9826 | E8: =+D8-D7 -> -0.1079 | F8: =+TRUNC((1000/(1+D8/100)^(C8/252)),6) -> 853.51505 | G8: =ROUND(100*F8,2) -> 85351.51 | H8: =+(G8/G7-1)*100 -> 0.17283175 | I8: =+I7*(1+H8/100) -> 1.0036907 | J8: =+J7 -> 45293 | K8: 12.92 | L8: =+K8-K7 -> -0.105 | M8: =+ROUND((100000/(1+K8/100)^(C8/252)),2) -> 85412.91 | N8: 13.65 | O8: =M8-(ROUND(((1+N7/100)^(1/252))*M7,2)) -> 101.08 | P8: =+ROUND(((1+N7/100)^(1/252))*P7,2)+O8 -> 85412.91 | Q8: =+(P8/P7-1)*100 -> 0.16933565 | R8: =+R7*(1+Q8/100) -> 1.0036602 | S8: =+D8-K8 -> 0.0626 | T8: =+S8-S7 -> -0.0029 | U8: =+G8 -> 85351.51 | V8: =+U8-O8 -> 85250.43 | W8: =+(V8/U7-1)*100 -> 0.054199174 | X8: =+X7*(1+W8/100) -> 1.0030812 | AA8: 12.9826 | AB8: 12.92 | AC8: 13.65
A9: 44816 | B9: 45292 | C9: =NETWORKDAYS(A9,B9-1,Feriados!$A$2:$A$2000) -> 326 | D9: 13.0487 | E9: =+D9-D8 -> 0.0661 | F9: =+TRUNC((1000/(1+D9/100)^(C9/252)),6) -> 853.28272 | G9: =ROUND(100*F9,2) -> 85328.27 | H9: =+(G9/G8-1)*100 -> -0.027228575 | I9: =+I8*(1+H9/100) -> 1.0034174 | J9: =+J8 -> 45293 | K9: 12.995 | L9: =+K9-K8 -> 0.075 | M9: =+ROUND((100000/(1+K9/100)^(C9/252)),2) -> 85380.74 | N9: 13.65 | O9: =M9-(ROUND(((1+N8/100)^(1/252))*M8,2)) -> -75.55 | P9: =+ROUND(((1+N8/100)^(1/252))*P8,2)+O9 -> 85380.74 | Q9: =+(P9/P8-1)*100 -> -0.037664096 | R9: =+R8*(1+Q9/100) -> 1.0032822 | S9: =+D9-K9 -> 0.0537 | T9: =+S9-S8 -> -0.0089 | U9: =+G9 -> 85328.27 | V9: =+U9-O9 -> 85403.82 | W9: =+(V9/U8-1)*100 -> 0.061287726 | X9: =+X8*(1+W9/100) -> 1.0036959 | AA9: 13.0487 | AB9: 12.995 | AC9: 13.65
A10: 44817 | B10: 45292 | C10: =NETWORKDAYS(A10,B10-1,Feriados!$A$2:$A$2000) -> 325 | D10: 13.2004 | E10: =+D10-D9 -> 0.1517 | F10: =+TRUNC((1000/(1+D10/100)^(C10/252)),6) -> 852.22295 | G10: =ROUND(100*F10,2) -> 85222.29 | H10: =+(G10/G9-1)*100 -> -0.12420268 | I10: =+I9*(1+H10/100) -> 1.0021712 | J10: =+J9 -> 45293 | K10: 13.145 | L10: =+K10-K9 -> 0.15 | M10: =+ROUND((100000/(1+K10/100)^(C10/252)),2) -> 85276.11 | N10: 13.65 | O10: =M10-(ROUND(((1+N9/100)^(1/252))*M9,2)) -> -147.99 | P10: =+ROUND(((1+N9/100)^(1/252))*P9,2)+O10 -> 85276.11 | Q10: =+(P10/P9-1)*100 -> -0.1225452 | R10: =+R9*(1+Q10/100) -> 1.0020527 | S10: =+D10-K10 -> 0.0554 | T10: =+S10-S9 -> 0.0017 | U10: =+G10 -> 85222.29 | V10: =+U10-O10 -> 85370.28 | W10: =+(V10/U9-1)*100 -> 0.04923339 | X10: =+X9*(1+W10/100) -> 1.0041901 | AA10: 13.2004 | AB10: 13.145 | AC10: 13.65
A11: 44818 | B11: 45292 | C11: =NETWORKDAYS(A11,B11-1,Feriados!$A$2:$A$2000) -> 324 | D11: 13.1734 | E11: =+D11-D10 -> -0.027 | F11: =+TRUNC((1000/(1+D11/100)^(C11/252)),6) -> 852.90391 | G11: =ROUND(100*F11,2) -> 85290.39 | H11: =+(G11/G10-1)*100 -> 0.079908672 | I11: =+I10*(1+H11/100) -> 1.002972 | J11: =+J10 -> 45293 | K11: 13.12 | L11: =+K11-K10 -> -0.025 | M11: =+ROUND((100000/(1+K11/100)^(C11/252)),2) -> 85342.16 | N11: 13.65 | O11: =M11-(ROUND(((1+N10/100)^(1/252))*M10,2)) -> 22.74 | P11: =+ROUND(((1+N10/100)^(1/252))*P10,2)+O11 -> 85342.16 | Q11: =+(P11/P10-1)*100 -> 0.077454284 | R11: =+R10*(1+Q11/100) -> 1.0028289 | S11: =+D11-K11 -> 0.0534 | T11: =+S11-S10 -> -0.002 | U11: =+G11 -> 85290.39 | V11: =+U11-O11 -> 85267.65 | W11: =+(V11/U10-1)*100 -> 0.053225512 | X11: =+X10*(1+W11/100) -> 1.0047246 | AA11: 13.1734 | AB11: 13.12 | AC11: 13.65
A12: 44819 | B12: 45292 | C12: =NETWORKDAYS(A12,B12-1,Feriados!$A$2:$A$2000) -> 323 | D12: 13.278 | E12: =+D12-D11 -> 0.1046 | F12: =+TRUNC((1000/(1+D12/100)^(C12/252)),6) -> 852.31303 | G12: =ROUND(100*F12,2) -> 85231.3 | H12: =+(G12/G11-1)*100 -> -0.069280959 | I12: =+I11*(1+H12/100) -> 1.0022771 | J12: =+J11 -> 45293 | K12: 13.225 | L12: =+K12-K11 -> 0.105 | M12: =+ROUND((100000/(1+K12/100)^(C12/252)),2) -> 85282.44 | N12: 13.65 | O12: =M12-(ROUND(((1+N11/100)^(1/252))*M11,2)) -> -103.06 | P12: =+ROUND(((1+N11/100)^(1/252))*P11,2)+O12 -> 85282.44 | Q12: =+(P12/P11-1)*100 -> -0.069977137 | R12: =+R11*(1+Q12/100) -> 1.0021271 | S12: =+D12-K12 -> 0.053 | T12: =+S12-S11 -> -0.0004 | U12: =+G12 -> 85231.3 | V12: =+U12-O12 -> 85334.36 | W12: =+(V12/U11-1)*100 -> 0.051553288 | X12: =+X11*(1+W12/100) -> 1.0052426 | AA12: 13.278 | AB12: 13.225 | AC12: 13.65
A13: 44820 | B13: 45292 | C13: =NETWORKDAYS(A13,B13-1,Feriados!$A$2:$A$2000) -> 322 | D13: 13.283 | E13: =+D13-D12 -> 0.005 | F13: =+TRUNC((1000/(1+D13/100)^(C13/252)),6) -> 852.68672 | G13: =ROUND(100*F13,2) -> 85268.67 | H13: =+(G13/G12-1)*100 -> 0.043845395 | I13: =+I12*(1+H13/100) -> 1.0027166 | J13: =+J12 -> 45293 | K13: 13.23 | L13: =+K13-K12 -> 0.005 | M13: =+ROUND((100000/(1+K13/100)^(C13/252)),2) -> 85319.67 | N13: 13.65 | O13: =M13-(ROUND(((1+N12/100)^(1/252))*M12,2)) -> -6.08 | P13: =+ROUND(((1+N12/100)^(1/252))*P12,2)+O13 -> 85319.67 | Q13: =+(P13/P12-1)*100 -> 0.043654942 | R13: =+R12*(1+Q13/100) -> 1.0025646 | S13: =+D13-K13 -> 0.053 | T13: =+S13-S12 -> -1.7763568e-15 | U13: =+G13 -> 85268.67 | V13: =+U13-O13 -> 85274.75 | W13: =+(V13/U12-1)*100 -> 0.050978924 | X13: =+X12*(1+W13/100) -> 1.005755 | AA13: 13.283 | AB13: 13.23 | AC13: 13.65
A14: 44823 | B14: 45292 | C14: =NETWORKDAYS(A14,B14-1,Feriados!$A$2:$A$2000) -> 321 | D14: 13.2853 | E14: =+D14-D13 -> 0.0023 | F14: =+TRUNC((1000/(1+D14/100)^(C14/252)),6) -> 853.08677 | G14: =ROUND(100*F14,2) -> 85308.68 | H14: =+(G14/G13-1)*100 -> 0.046922275 | I14: =+I13*(1+H14/100) -> 1.0031871 | J14: =+J13 -> 45293 | K14: 13.23 | L14: =+K14-K13 -> 0 | M14: =+ROUND((100000/(1+K14/100)^(C14/252)),2) -> 85361.75 | N14: 13.65 | O14: =M14-(ROUND(((1+N13/100)^(1/252))*M13,2)) -> -1.25 | P14: =+ROUND(((1+N13/100)^(1/252))*P13,2)+O14 -> 85361.75 | Q14: =+(P14/P13-1)*100 -> 0.049320397 | R14: =+R13*(1+Q14/100) -> 1.0030591 | S14: =+D14-K14 -> 0.0553 | T14: =+S14-S13 -> 0.0023 | U14: =+G14 -> 85308.68 | V14: =+U14-O14 -> 85309.93 | W14: =+(V14/U13-1)*100 -> 0.04838823 | X14: =+X13*(1+W14/100) -> 1.0062417 | AA14: 13.2853 | AB14: 13.23 | AC14: 13.65
... A65: 44897 | B65: 45292 | C65: =NETWORKDAYS(A65,B65-1,Feriados!$A$2:$A$2000) -> 270 | D65: 13.8269 | E65: =+D65-D64 -> -0.1547 | F65: =+TRUNC((1000/(1+D65/100)^(C65/252)),6) -> 870.43751 | G65: =ROUND(100*F65,2) -> 87043.75 | H65: =+(G65/G64-1)*100 -> 0.197647 | I65: =+I64*(1+H65/100) -> 1.0235906 | J65: =+J64 -> 45293 | K65: 13.825 | L65: =+K65-K64 -> -0.155 | M65: =+ROUND((100000/(1+K65/100)^(C65/252)),2) -> 87045.31 | N65: 13.65 | O65: =M65-(ROUND(((1+N64/100)^(1/252))*M64,2)) -> 127.82 | P65: =+ROUND(((1+N64/100)^(1/252))*P64,2)+O65 -> 87045.31 | Q65: =+(P65/P64-1)*100 -> 0.19792026 | R65: =+R64*(1+Q65/100) -> 1.022842 | S65: =+D65-K65 -> 0.0019 | T65: =+S65-S64 -> 0.0003 | U65: =+G65 -> 87043.75 | V65: =+U65-O65 -> 86915.93 | W65: =+(V65/U64-1)*100 -> 0.050511068 | X65: =+X64*(1+W65/100) -> 1.033263 | AA65: 13.8269 | AB65: 13.825 | AC65: 13.65
I67: =+I65-1 -> 0.023590607 | R67: =+R65-1 -> 0.02284204 | W67: =+S2-S65 -> 0.0622 | X67: =+X65-1 -> 0.033263007
I68: =+I67*100 -> 2.3590607 | R68: =+R67*100 -> 2.284204 | X68: =+X67*100 -> 3.3263007
R69: =+I68-R68 -> 0.074856726
X70: 3.250544 | Y70: =+X68-X70 -> 0.075756719
X71: =+X68/X70 -> 1.0233059

Sheet LTN x DI Fut Até Venc
A1: Data | B1: Vencimento | C1: DU | D1: Taxa LTN | E1: Dif Taxa | F1: PU LTN | G1: $ | H1: Retorno LTN | I1: Acumul. | J1: Venc DI | K1: Taxa DI | L1: Dif Taxa | M1: PU Ajuste DI | N1: CDI d-1 | O1: Ajustes DI | P1: $ | Q1: Retorno Pré Sintético | R1: Acumul. | S1: Spread | T1: Dif Taxa | U1: PU LTN | V1: LTN Casada / Travada | W1: Retorno | X1: Acumul. | AA1: Taxa LTN | AB1: Taxa DI | AC1: CDI d-1
A2: 44378 | B2: 44743 | C2: =NETWORKDAYS(A2,B2-1,Feriados!$A$2:$A$2000) -> 252 | D2: 6.6952 | F2: =+TRUNC((1000/(1+D2/100)^(C2/252)),6) -> 937.24928 | G2: =ROUND(100*F2,2) -> 93724.93 | I2: 1 | J2: 44743 | K2: 6.635 | M2: =+ROUND((100000/(1+K2/100)^(C2/252)),2) -> 93777.84 | N2: 4.15 | P2: =+M2 -> 93777.84 | R2: 1 | S2: =+D2-K2 -> 0.0602 | U2: =+ROUND(G2,2) -> 93724.93 | X2: 1 | AA2: 6.6952 | AB2: 6.635 | AC2: 4.15
A3: 44379 | B3: 44743 | C3: =NETWORKDAYS(A3,B3-1,Feriados!$A$2:$A$2000) -> 251 | D3: 6.6551 | E3: =+D3-D2 -> -0.0401 | F3: =+TRUNC((1000/(1+D3/100)^(C3/252)),6) -> 937.84142 | G3: =ROUND(100*F3,2) -> 93784.14 | H3: =+(G3/G2-1)*100 -> 0.063174227 | I3: =+I2*(1+H3/100) -> 1.0006317 | J3: =+J2 -> 44743 | K3: 6.595 | L3: =+K3-K2 -> -0.04 | M3: =+ROUND((100000/(1+K3/100)^(C3/252)),2) -> 93836.81 | N3: 4.15 | O3: =M3-(ROUND(((1+N2/100)^(1/252))*M2,2)) -> 43.84 | P3: =+ROUND(((1+N2/100)^(1/252))*P2,2)+O3 -> 93836.81 | Q3: =+(P3/P2-1)*100 -> 0.06288266 | R3: =+R2*(1+Q3/100) -> 1.0006288 | S3: =+D3-K3 -> 0.0601 | T3: =+S3-S2 -> -0.0001 | U3: =+G3 -> 93784.14 | V3: =+U3-O3 -> 93740.3 | W3: =+(V3/U2-1)*100 -> 0.016399052 | X3: =+X2*(1+W3/100) -> 1.000164 | AA3: 6.6551 | AB3: 6.595 | AC3: 4.15
A4: 44382 | B4: 44743 | C4: =NETWORKDAYS(A4,B4-1,Feriados!$A$2:$A$2000) -> 250 | D4: 6.74 | E4: =+D4-D3 -> 0.0849 | F4: =+TRUNC((1000/(1+D4/100)^(C4/252)),6) -> 937.34101 | G4: =ROUND(100*F4,2) -> 93734.1 | H4: =+(G4/G3-1)*100 -> -0.05335657 | I4: =+I3*(1+H4/100) -> 1.0000978 | J4: =+J3 -> 44743 | K4: 6.68 | L4: =+K4-K3 -> 0.085 | M4: =+ROUND((100000/(1+K4/100)^(C4/252)),2) -> 93786.4 | N4: 4.15 | O4: =M4-(ROUND(((1+N3/100)^(1/252))*M3,2)) -> -65.55 | P4: =+ROUND(((1+N3/100)^(1/252))*P3,2)+O4 -> 93786.4 | Q4: =+(P4/P3-1)*100 -> -0.053720923 | R4: =+R3*(1+Q4/100) -> 1.0000913 | S4: =+D4-K4 -> 0.06 | T4: =+S4-S3 -> -0.0001 | U4: =+G4 -> 93734.1 | V4: =+U4-O4 -> 93799.65 | W4: =+(V4/U3-1)*100 -> 0.016537978 | X4: =+X3*(1+W4/100) -> 1.0003294 | AA4: 6.74 | AB4: 6.68 | AC4: 4.15
A5: 44383 | B5: 44743 | C5: =NETWORKDAYS(A5,B5-1,Feriados!$A$2:$A$2000) -> 249 | D5: 6.83 | E5: =+D5-D4 -> 0.09 | F5: =+TRUNC((1000/(1+D5/100)^(C5/252)),6) -> 936.80318 | G5: =ROUND(100*F5,2) -> 93680.32 | H5: =+(G5/G4-1)*100 -> -0.057375064 | I5: =+I4*(1+H5/100) -> 0.99952403 | J5: =+J4 -> 44743 | K5: 6.77 | L5: =+K5-K4 -> 0.09 | M5: =+ROUND((100000/(1+K5/100)^(C5/252)),2) -> 93732.34 | N5: 4.15 | O5: =M5-(ROUND(((1+N4/100)^(1/252))*M4,2)) -> -69.19 | P5: =+ROUND(((1+N4/100)^(1/252))*P4,2)+O5 -> 93732.34 | Q5: =+(P5/P4-1)*100 -> -0.05764162 | R5: =+R4*(1+Q5/100) -> 0.99951481 | S5: =+D5-K5 -> 0.06 | T5: =+S5-S4 -> 0 | U5: =+G5 -> 93680.32 | V5: =+U5-O5 -> 93749.51 | W5: =+(V5/U4-1)*100 -> 0.016440122 | X5: =+X4*(1+W5/100) -> 1.0004939 | AA5: 6.83 | AB5: 6.77 | AC5: 4.15
A6: 44384 | B6: 44743 | C6: =NETWORKDAYS(A6,B6-1,Feriados!$A$2:$A$2000) -> 248 | D6: 6.815 | E6: =+D6-D5 -> -0.015 | F6: =+TRUNC((1000/(1+D6/100)^(C6/252)),6) -> 937.17832 | G6: =ROUND(100*F6,2) -> 93717.83 | H6: =+(G6/G5-1)*100 -> 0.040040427 | I6: =+I5*(1+H6/100) -> 0.99992425 | J6: =+J5 -> 44743 | K6: 6.75 | L6: =+K6-K5 -> -0.02 | M6: =+ROUND((100000/(1+K6/100)^(C6/252)),2) -> 93773.99 | N6: 4.15 | O6: =M6-(ROUND(((1+N5/100)^(1/252))*M5,2)) -> 26.52 | P6: =+ROUND(((1+N5/100)^(1/252))*P5,2)+O6 -> 93773.99 | Q6: =+(P6/P5-1)*100 -> 0.044435037 | R6: =+R5*(1+Q6/100) -> 0.99995895 | S6: =+D6-K6 -> 0.065 | T6: =+S6-S5 -> 0.005 | U6: =+G6 -> 93717.83 | V6: =+U6-O6 -> 93691.31 | W6: =+(V6/U5-1)*100 -> 0.011731386 | X6: =+X5*(1+W6/100) -> 1.0006112 | AA6: 6.815 | AB6: 6.75 | AC6: 4.15
A7: 44385 | B7: 44743 | C7: =NETWORKDAYS(A7,B7-1,Feriados!$A$2:$A$2000) -> 247 | D7: 6.899 | E7: =+D7-D6 -> 0.084 | F7: =+TRUNC((1000/(1+D7/100)^(C7/252)),6) -> 936.70153 | G7: =ROUND(100*F7,2) -> 93670.15 | H7: =+(G7/G6-1)*100 -> -0.050876125 | I7: =+I6*(1+H7/100) -> 0.99941552 | J7: =+J6 -> 44743 | K7: 6.83 | L7: =+K7-K6 -> 0.08 | M7: =+ROUND((100000/(1+K7/100)^(C7/252)),2) -> 93729.45 | N7: 4.15 | O7: =M7-(ROUND(((1+N6/100)^(1/252))*M6,2)) -> -59.67 | P7: =+ROUND(((1+N6/100)^(1/252))*P6,2)+O7 -> 93729.45 | Q7: =+(P7/P6-1)*100 -> -0.047497179 | R7: =+R6*(1+Q7/100) -> 0.99948399 | S7: =+D7-K7 -> 0.069 | T7: =+S7-S6 -> 0.004 | U7: =+G7 -> 93670.15 | V7: =+U7-O7 -> 93729.82 | W7: =+(V7/U6-1)*100 -> 0.012793723 | X7: =+X6*(1+W7/100) -> 1.0007392 | AA7: 6.899 | AB7: 6.83 | AC7: 4.15
A8: 44386 | B8: 44743 | C8: =NETWORKDAYS(A8,B8-1,Feriados!$A$2:$A$2000) -> 246 | D8: 6.899 | E8: =+D8-D7 -> 0 | F8: =+TRUNC((1000/(1+D8/100)^(C8/252)),6) -> 936.94955 | G8: =ROUND(100*F8,2) -> 93694.95 | H8: =+(G8/G7-1)*100 -> 0.026475884 | I8: =+I7*(1+H8/100) -> 0.99968013 | J8: =+J7 -> 44743 | K8: 6.83 | L8: =+K8-K7 -> 0 | M8: =+ROUND((100000/(1+K8/100)^(C8/252)),2) -> 93754.03 | N8: 4.15 | O8: =M8-(ROUND(((1+N7/100)^(1/252))*M7,2)) -> 9.45 | P8: =+ROUND(((1+N7/100)^(1/252))*P7,2)+O8 -> 93754.03 | Q8: =+(P8/P7-1)*100 -> 0.026224415 | R8: =+R7*(1+Q8/100) -> 0.9997461 | S8: =+D8-K8 -> 0.069 | T8: =+S8-S7 -> 0 | U8: =+G8 -> 93694.95 | V8: =+U8-O8 -> 93685.5 | W8: =+(V8/U7-1)*100 -> 0.016387291 | X8: =+X7*(1+W8/100) -> 1.0009032 | AA8: 6.899 | AB8: 6.83 | AC8: 4.15
A9: 44389 | B9: 44743 | C9: =NETWORKDAYS(A9,B9-1,Feriados!$A$2:$A$2000) -> 245 | D9: 6.8915 | E9: =+D9-D8 -> -0.0075 | F9: =+TRUNC((1000/(1+D9/100)^(C9/252)),6) -> 937.26156 | G9: =ROUND(100*F9,2) -> 93726.16 | H9: =+(G9/G8-1)*100 -> 0.033310226 | I9: =+I8*(1+H9/100) -> 1.0000131 | J9: =+J8 -> 44743 | K9: 6.825 | L9: =+K9-K8 -> -0.005 | M9: =+ROUND((100000/(1+K9/100)^(C9/252)),2) -> 93782.88 | N9: 4.15 | O9: =M9-(ROUND(((1+N8/100)^(1/252))*M8,2)) -> 13.72 | P9: =+ROUND(((1+N8/100)^(1/252))*P8,2)+O9 -> 93782.88 | Q9: =+(P9/P8-1)*100 -> 0.030772011 | R9: =+R8*(1+Q9/100) -> 1.0000537 | S9: =+D9-K9 -> 0.0665 | T9: =+S9-S8 -> -0.0025 | U9: =+G9 -> 93726.16 | V9: =+U9-O9 -> 93712.44 | W9: =+(V9/U8-1)*100 -> 0.018666961 | X9: =+X8*(1+W9/100) -> 1.0010901 | AA9: 6.8915 | AB9: 6.825 | AC9: 4.15
A10: 44390 | B10: 44743 | C10: =NETWORKDAYS(A10,B10-1,Feriados!$A$2:$A$2000) -> 244 | D10: 6.955 | E10: =+D10-D9 -> 0.0635 | F10: =+TRUNC((1000/(1+D10/100)^(C10/252)),6) -> 936.97052 | G10: =ROUND(100*F10,2) -> 93697.05 | H10: =+(G10/G9-1)*100 -> -0.031058565 | I10: =+I9*(1+H10/100) -> 0.99970253 | J10: =+J9 -> 44743 | K10: 6.89 | L10: =+K10-K9 -> 0.065 | M10: =+ROUND((100000/(1+K10/100)^(C10/252)),2) -> 93752.22 | N10: 4.15 | O10: =M10-(ROUND(((1+N9/100)^(1/252))*M9,2)) -> -45.79 | P10: =+ROUND(((1+N9/100)^(1/252))*P9,2)+O10 -> 93752.22 | Q10: =+(P10/P9-1)*100 -> -0.032692534 | R10: =+R9*(1+Q10/100) -> 0.9997268 | S10: =+D10-K10 -> 0.065 | T10: =+S10-S9 -> -0.0015 | U10: =+G10 -> 93697.05 | V10: =+U10-O10 -> 93742.84 | W10: =+(V10/U9-1)*100 -> 0.017796526 | X10: =+X9*(1+W10/100) -> 1.0012682 | AA10: 6.955 | AB10: 6.89 | AC10: 4.15
A11: 44391 | B11: 44743 | C11: =NETWORKDAYS(A11,B11-1,Feriados!$A$2:$A$2000) -> 243 | D11: 6.86 | E11: =+D11-D10 -> -0.095 | F11: =+TRUNC((1000/(1+D11/100)^(C11/252)),6) -> 938.02399 | G11: =ROUND(100*F11,2) -> 93802.4 | H11: =+(G11/G10-1)*100 -> 0.11243684 | I11: =+I10*(1+H11/100) -> 1.0008266 | J11: =+J10 -> 44743 | K11: 6.795 | L11: =+K11-K10 -> -0.095 | M11: =+ROUND((100000/(1+K11/100)^(C11/252)),2) -> 93857.45 | N11: 4.15 | O11: =M11-(ROUND(((1+N10/100)^(1/252))*M10,2)) -> 90.1 | P11: =+ROUND(((1+N10/100)^(1/252))*P10,2)+O11 -> 93857.45 | Q11: =+(P11/P10-1)*100 -> 0.11224268 | R11: =+R10*(1+Q11/100) -> 1.0008489 | S11: =+D11-K11 -> 0.065 | T11: =+S11-S10 -> 0 | U11: =+G11 -> 93802.4 | V11: =+U11-O11 -> 93712.3 | W11: =+(V11/U10-1)*100 -> 0.016275859 | X11: =+X10*(1+W11/100) -> 1.0014312 | AA11: 6.86 | AB11: 6.795 | AC11: 4.15
A12: 44392 | B12: 44743 | C12: =NETWORKDAYS(A12,B12-1,Feriados!$A$2:$A$2000) -> 242 | D12: 6.905 | E12: =+D12-D11 -> 0.045 | F12: =+TRUNC((1000/(1+D12/100)^(C12/252)),6) -> 937.89171 | G12: =ROUND(100*F12,2) -> 93789.17 | H12: =+(G12/G11-1)*100 -> -0.014104117 | I12: =+I11*(1+H12/100) -> 1.0006854 | J12: =+J11 -> 44743 | K12: 6.84 | L12: =+K12-K11 -> 0.045 | M12: =+ROUND((100000/(1+K12/100)^(C12/252)),2) -> 93843.97 | N12: 4.15 | O12: =M12-(ROUND(((1+N11/100)^(1/252))*M11,2)) -> -28.63 | P12: =+ROUND(((1+N11/100)^(1/252))*P11,2)+O12 -> 93843.97 | Q12: =+(P12/P11-1)*100 -> -0.014362206 | R12: =+R11*(1+Q12/100) -> 1.0007052 | S12: =+D12-K12 -> 0.065 | T12: =+S12-S11 -> 0 | U12: =+G12 -> 93789.17 | V12: =+U12-O12 -> 93817.8 | W12: =+(V12/U11-1)*100 -> 0.01641749 | X12: =+X11*(1+W12/100) -> 1.0015956 | AA12: 6.905 | AB12: 6.84 | AC12: 4.15
A13: 44393 | B13: 44743 | C13: =NETWORKDAYS(A13,B13-1,Feriados!$A$2:$A$2000) -> 241 | D13: 6.865 | E13: =+D13-D12 -> -0.04 | F13: =+TRUNC((1000/(1+D13/100)^(C13/252)),6) -> 938.47607 | G13: =ROUND(100*F13,2) -> 93847.61 | H13: =+(G13/G12-1)*100 -> 0.062309966 | I13: =+I12*(1+H13/100) -> 1.0013089 | J13: =+J12 -> 44743 | K13: 6.8 | L13: =+K13-K12 -> -0.04 | M13: =+ROUND((100000/(1+K13/100)^(C13/252)),2) -> 93902.23 | N13: 4.15 | O13: =M13-(ROUND(((1+N12/100)^(1/252))*M12,2)) -> 43.12 | P13: =+ROUND(((1+N12/100)^(1/252))*P12,2)+O13 -> 93902.23 | Q13: =+(P13/P12-1)*100 -> 0.062081773 | R13: =+R12*(1+Q13/100) -> 1.0013264 | S13: =+D13-K13 -> 0.065 | T13: =+S13-S12 -> 0 | U13: =+G13 -> 93847.61 | V13: =+U13-O13 -> 93804.49 | W13: =+(V13/U12-1)*100 -> 0.016334509 | X13: =+X12*(1+W13/100) -> 1.0017592 | AA13: 6.865 | AB13: 6.8 | AC13: 4.15
A14: 44396 | B14: 44743 | C14: =NETWORKDAYS(A14,B14-1,Feriados!$A$2:$A$2000) -> 240 | D14: 6.7968 | E14: =+D14-D13 -> -0.0682 | F14: =+TRUNC((1000/(1+D14/100)^(C14/252)),6) -> 939.29428 | G14: =ROUND(100*F14,2) -> 93929.43 | H14: =+(G14/G13-1)*100 -> 0.087183893 | I14: =+I13*(1+H14/100) -> 1.0021819 | J14: =+J13 -> 44743 | K14: 6.735 | L14: =+K14-K13 -> -0.065 | M14: =+ROUND((100000/(1+K14/100)^(C14/252)),2) -> 93981.22 | N14: 4.15 | O14: =M14-(ROUND(((1+N13/100)^(1/252))*M13,2)) -> 63.84 | P14: =+ROUND(((1+N13/100)^(1/252))*P13,2)+O14 -> 93981.22 | Q14: =+(P14/P13-1)*100 -> 0.084119408 | R14: =+R13*(1+Q14/100) -> 1.0021687 | S14: =+D14-K14 -> 0.0618 | T14: =+S14-S13 -> -0.0032 | U14: =+G14 -> 93929.43 | V14: =+U14-O14 -> 93865.59 | W14: =+(V14/U13-1)*100 -> 0.019158719 | X14: =+X13*(1+W14/100) -> 1.0019511 | AA14: 6.7968 | AB14: 6.735 | AC14: 4.15
... A253: 44742 | B253: 44743 | C253: =NETWORKDAYS(A253,B253-1,Feriados!$A$2:$A$2000) -> 1 | D253: 13.2025 | E253: =+D253-D252 -> 0.0006 | F253: =+TRUNC((1000/(1+D253/100)^(C253/252)),6) -> 999.50802 | G253: =ROUND(100*F253,2) -> 99950.8 | H253: =+(G253/G252-1)*100 -> 0.049218416 | I253: =+I252*(1+H253/100) -> 1.066427 | J253: =+J252 -> 44743 | K253: 13.149 | L253: =+K253-K252 -> -0.003 | M253: =+ROUND((100000/(1+K253/100)^(C253/252)),2) -> 99950.99 | N253: 13.15 | O253: =M253-(ROUND(((1+N252/100)^(1/252))*M252,2)) -> 0.02 | P253: =+ROUND(((1+N252/100)^(1/252))*P252,2)+O253 -> 99950.99 | Q253: =+(P253/P252-1)*100 -> 0.049058087 | R253: =+R252*(1+Q253/100) -> 1.0658274 | S253: =+D253-K253 -> 0.0535 | T253: =+S253-S252 -> 0.0036 | U253: =+G253 -> 99950.8 | V253: =+U253-O253 -> 99950.78 | W253: =+(V253/U252-1)*100 -> 0.049198396 | X253: =+X252*(1+W253/100) -> 1.0866328 | AA253: 13.2025 | AB253: 13.149 | AC253: 13.15
A254: 44743 | B254: 44743 | C254: =NETWORKDAYS(A254,B254-1,Feriados!$A$2:$A$2000) -> -2 | D254: =+D253 -> 13.2025 | E254: =+D254-D253 -> 0 | F254: 1000 | G254: =ROUND(100*F254,2) -> 100000 | H254: =+(G254/G253-1)*100 -> 0.049224218 | I254: =+I253*(1+H254/100) -> 1.066952 | J254: =+J253 -> 44743 | K254: =+K253 -> 13.149 | L254: =+K254-K253 -> 0 | M254: 100000 | N254: 13.15 | O254: =M254-(ROUND(((1+N253/100)^(1/252))*M253,2)) -> 0 | P254: =+ROUND(((1+N253/100)^(1/252))*P253,2)+O254 -> 100000 | Q254: =+(P254/P253-1)*100 -> 0.049034032 | R254: =+R253*(1+Q254/100) -> 1.06635 | S254: =+D254-K254 -> 0.0535 | T254: =+S254-S253 -> 0 | U254: =+G254 -> 100000 | V254: =+U254-O254 -> 100000 | W254: =+(V254/U253-1)*100 -> 0.049224218 | X254: =+X253*(1+W254/100) -> 1.0871677
D256: =AVERAGE(D2:D254) -> 10.721197 | I256: =+I254 -> 1.066952 | K256: =AVERAGE(K2:K254) -> 10.705585 | N256: =AVERAGE(N2:N254) -> 8.7132411 | R256: =+R254 -> 1.06635 | S256: =AVERAGE(S2:S254) -> 0.015611858 | X256: =+X254 -> 1.0871677
I257: =+I256-1 -> 0.066951984 | R257: =+R256-1 -> 0.066350003 | X257: =+X256-1 -> 0.087167725
I258: =+I257*100 -> 6.6951984 | R258: =+R257*100 -> 6.6350003 | X258: =+X257*100 -> 8.7167725
R259: =+I258-R258 -> 0.060198048
X260: 8.691093 | Y260: =+X258-X260 -> 0.025679497
X261: =+X258/X260 -> 1.0029547
